Workbook

Sheet Impl premium calculator
A1: Implied Risk Premium Calculator | B1: May 2025 Rating effect: On May 16, 2025, Moody's, the lone holdout among the ratings agencies, downgraded the United States from Aaa to Aa1, thus raising questions about whether the US 10-year treasury rate is really a riskfree rate. Netting out the default spread for an Aa1 rated sovereign from the US treasury rate will yield a more consistent riskfree rate in US dollars and a higher equity risk premium. While I will report my conventional measure of the ERP, with the US treasury rate as the riskfree rate, to allow for comparison with time series data, I will also report a US ERP with the adjusted riskfree rate.
A2: Inputs
A3: Estimation month (start of) | B3: May
A4: Base Year Earnings for the Index | B4: Estimated | D4: Cash Flow Choices
A5: Enter current level of index | B5: 7209.01 | D5: Dividends and Buybacks Trailing 12 months = | G5: ='Buyback & Dividend computation'!G56 -> 198.9859 | H5: C | I5: Dividends + Buybacks in last four quarters
A6: What cash yield (dividends & buybacks) do you want to use as your base number? | B6: NC | D6: Dividends and Buybacks (Average yield- last decade) | G6: ='Buyback & Dividend computation'!D26*'Buyback & Dividend computation'!D29 -> 292.87874 | H6: A10 | I6: Multiplies average cash yield over last 10 years by index level at the start of most recent quarter
A7: Cash yield on index (Calculated number but you can override it) | B7: =IF(B6="C",G5/B5,IF(B6="A10",G6/B5,IF(B6="A5",G7/B5,IF(B6="P10",G8/B5,IF(B6="p5",G9/B5,IF(B6="NC",G11/B5,G10/B5)))))) -> 0.026253983 | D7: Dividends and Buybacks (Average yield- last 5 years) | G7: ='Buyback & Dividend computation'!D27*'Buyback & Dividend computation'!D29 -> 246.58342 | H7: A5 | I7: Multiplies average cash yield over last 5 years by index level at the start of most recent quarter
A8: What expected growth rate do you want to use for the next 5 years? | B8: TD | D8: Dividends and Buybacks (Average payout- last decade) | G8: ='Buyback & Dividend computation'!E26*'Buyback & Dividend computation'!C56 -> 230.36973 | H8: P10 | I8: Multiplies Earnings in last 12 months by average payout ratio (including buybacks) over last 10 years
A9: Expected growth rate in earnings for the next 5 years = | B9: =IF(B8="H",G15,IF(B8="BU",G16,IF(B8="TD",G17,IF(B8="FC",G18,G19)))) -> 0.12239694 | D9: Dividends and Buybacks (Average payout - last 5 years) | G9: ='Buyback & Dividend computation'!E27*'Buyback & Dividend computation'!C56 -> 210.63819 | H9: P5 | I9: Multiplies Earnings in last 12 months by average payout ratio (including buybacks) over last 5 years
A10: Enter current 10-year US treasury rate rate = | B10: 0.044 | D10: Dividend and Buybacks (Average payout & normal earnings) | G10: ='Buyback & Dividend computation'!E26*AVERAGE('Buyback & Dividend computation'!Q46:Q55) -> 169.70619 | H10: NORM | I10: Multiplies average earnings over last 10 years by average payout ratio over same period
A11: If you want to compute an intrinsic value for index, what ERP would you like to use? | B11: ERP10 | D11: Dividends and Buybacks, net of stock issues, trailing 12 months | G11: ='Buyback & Dividend computation'!H56 -> 189.26523 | H11: NC | I11: Dividends + Buybacks - Stock Issuances in last four quarters
A12: Default spread for Aa1 rating (US sovereign rating) | B12: 0.0026
A13: ERP used to compute fair value of index (you can override this number) = | B13: 0.0425
A14: Do you want to change the growth rate in the long term? | B14: No | D14: Growth Choices
A15: If yes, enter the expected growth rate to use after year 5 | B15: 0.03 | D15: Historical earnings growth rate (last decade) = | G15: =('Buyback & Dividend computation'!C56/'Buyback & Dividend computation'!C42)^(1/10)-1 -> 0.10237602 | H15: H
A16: Do you want to adjust the payout ratio to sustainable levels in year 5? | B16: No | D16: Bottom up forecasted growth rate (next 5 years) = | G16: ='Expected growth rate'!L11 -> 0 | H16: BU
A17: Here is how it works | D17: Top down forecasted growth rate (next 5 years) = | G17: ='Expected growth rate'!G11 -> 0.12239694 | H17: TD
A18: For the intrinsic value of the index, I start with your base cash flow choice (from B5) and grow these cash flows at | D18: Fundamental growth rate (based on current ROE) = | G18: =(1-((B7*B5)/B33))*'Buyback & Dividend computation'!$F18 -> 0.048954746 | H18: FC
A19: the expected growth rate (from B7) for 5 years. After year 5, I use the expected growth rate in the long term (B12) | D19: Fundamental growth rate (based on average ROE) = | G19: =(1-((B7*B5)/B33))*'Buyback & Dividend computation'!$F26 -> 0.0544452 | H19: FA
A20: as the perpetual growth rate. The discount rate that I use is the sum of the risk free rate (B9) and your ERP choice (B11).
A21: If you choose to adjust your payout ratio, I estimate the payout ratio given average ROE over last 10 years. Payout = 1 - g/ ROE | D21: ERP Choices (for index intrinsic value)
A22: For the implied ERP, you will have to use the goal seek function in Excel. (See picture to the right) | D22: Historical Equity risk premium (US) = | G22: ='Historical ERP'!K98 -> 0.054394707 | H22: HUS
A23: 1. In the set cell box, enter B54 | D23: Historical Equity risk premium (Global) = | G23: 0.032 | H23: HG
A24: 2. In "To value" box, enter the current level of the index | D24: Average implied ERP (last decade) = | G24: =AVERAGE('Implied ERP- Annual since 1960'!E57:E66) -> 0.05188 | H24: ERP10
A25: 3. In "By changing cell" enter C45 | D25: Average implied ERP (1960-Current) = | G25: =AVERAGE('Implied ERP- Annual since 1960'!E3:E66) -> 0.042479688 | H25: ERPLong
A26: 4. Click on OK and the answer should show up in C45 | D26: Historical High ERP (1960-Current) = | G26: =MAX('Implied ERP- Annual since 1960'!E3:E66) -> 0.0645 | H26: ERPHigh
D27: Base Year Earnings
D28: Reported Earnings by companies in trailing 12 months | G28: ='Buyback & Dividend computation'!C56 -> 255.59642 | H28: Reported LTM
D29: Estimated base year Earnings (for the most recent year) | G29: ='Expected growth rate'!H5 -> 271.29 | H29: Estimated
A31: Intrinsic Value Estimate (based on your choice of ERP) based upon pre-Corona numbers
B32: Most recent year | C32: 1 | D32: 2 | E32: 3 | F32: 4 | G32: 5 | H32: Terminal Year
A33: Expected Earnings | B33: =IF(B4="Estimated",G29,G28) -> 271.29 | C33: =B33*(1+$B$9) -> 304.49506 | D33: =C33*(1+$B$9) -> 341.76433 | E33: =D33*(1+$B$9) -> 383.59523 | F33: =E33*(1+$B$9) -> 430.54612 | G33: =F33*(1+$B$9) -> 483.24364 | H33: =IF(B14="No",G33*(1+B10),G33*(1+B15)) -> 504.50636
A34: Expected cash payout (dividends + buybacks) as % of earnings | B34: =B35/G28 -> 0.74048465 | C34: =IF($B$16="Yes",B34-($B$34-$H$34)/5,$B$34) -> 0.74048465 | D34: =IF($B$16="Yes",C34-($B$34-$H$34)/5,$B$34) -> 0.74048465 | E34: =IF($B$16="Yes",D34-($B$34-$H$34)/5,$B$34) -> 0.74048465 | F34: =IF($B$16="Yes",E34-($B$34-$H$34)/5,$B$34) -> 0.74048465 | G34: =IF($B$16="Yes",F34-($B$34-$H$34)/5,$B$34) -> 0.74048465 | H34: =IF($B$16="Yes",IF(B14="No",1-B10/'Buyback & Dividend computation'!F26,1-B15/'Buyback & Dividend computation'!F26),$B$34) -> 0.74048465
A35: Expected Dividends + Buybacks = | B35: =IF(B6="C",G5,IF(B6="A10",G6,IF(B6="A5",G7,IF(B6="P10",G8,IF(B6="P5",G9,IF(B6="NORM",G10,G11)))))) -> 189.26523 | C35: =C33*C34 -> 225.47392 | D35: =D33*D34 -> 253.07124 | E35: =E33*E34 -> 284.04638 | F35: =F33*F34 -> 318.81279 | G35: =G33*G34 -> 357.8345 | H35: =H34*H33 -> 373.57922
A36: Expected Terminal Value = | G36: =IF(B14="No",H35/(B10+B13-B10),H35/(B10+B13-B15)) -> 8790.0992
A37: Time to cashflow | C37: =VLOOKUP(B3,Answers!G2:H13,2)/12 -> 0.66666667 | D37: =1+C37 -> 1.6666667 | E37: =1+D37 -> 2.6666667 | F37: =1+E37 -> 3.6666667 | G37: =1+F37 -> 4.6666667
A38: Present Value = | C38: =C35*C37/(1+$B$10+$B$13)^C37 -> 142.22804 | D38: =D35/(1+$B$10+$B$13)^D37 -> 220.39069 | E38: =E35/(1+$B$10+$B$13)^E37 -> 227.67219 | F38: =F35/(1+$B$10+$B$13)^F37 -> 235.19426 | G38: =(G35+G36)/(1+$B$10+$B$13)^G37 -> 6211.3252
A39: Intrinsic Value of Index = | C39: =SUM(C38:G38) -> 7036.8103
A40: Intrinsic Trailing PE = | C40: =C39/'Buyback & Dividend computation'!C56 -> 27.530943
A41: Intrinsic CAPE (based on inflation-adjusted ten year average earnings) = | C41: =C39/AVERAGE('Buyback & Dividend computation'!Q38:Q47) -> 56.394552
A42: Implied Equity Risk Premium Calculator | C42: -4.2534789e+27
A43: Implied expected return on S&P 500 | C43: =C45+B10 -> 0.085504318
A44: Implied Equity Risk Premium (with default-risk adjusted US dollar riskfree rate) | C44: =C45+B12 -> 0.044104318 | E44: Default-risk-adjusted US dollar riskfree rate | H44: =H45-B12 -> 0.0414
A45: Implied Equity Risk Premium (with US treasury rate as riskfree rate) | C45: 0.041504318 | E45: US 10-year treasury rate = | H45: =B10 -> 0.044
B47: =B32 -> Most recent year | C47: 1 | D47: 2 | E47: 3 | F47: 4 | G47: 5 | H47: =H32 -> Terminal Year
A48: Expected Earnings | B48: =B33 -> 271.29 | C48: =C33 -> 304.49506 | D48: =D33 -> 341.76433 | E48: =E33 -> 383.59523 | F48: =F33 -> 430.54612 | G48: =G33 -> 483.24364 | H48: =IF(B14="No",G48*(1+B10),G48*(1+B15)) -> 504.50636
A49: Expected cash payout (dividends + buybacks) as % of earnings | B49: =B50/G28 -> 0.74048465 | C49: =IF($B$16="Yes",B49-($B$49-$H$49)/5,$B$49) -> 0.74048465 | D49: =IF($B$16="Yes",C49-($B$49-$H$49)/5,$B$49) -> 0.74048465 | E49: =IF($B$16="Yes",D49-($B$49-$H$49)/5,$B$49) -> 0.74048465 | F49: =IF($B$16="Yes",E49-($B$49-$H$49)/5,$B$49) -> 0.74048465 | G49: =IF($B$16="Yes",F49-($B$49-$H$49)/5,$B$49) -> 0.74048465 | H49: =IF($B$16="Yes",IF(B14="No",1-B10/'Buyback & Dividend computation'!F26,1-B15/'Buyback & Dividend computation'!F26),$B$34) -> 0.74048465
A50: Expected Dividends + Buybacks = | B50: =B35 -> 189.26523 | C50: =C48*C49 -> 225.47392 | D50: =D48*D49 -> 253.07124 | E50: =E48*E49 -> 284.04638 | F50: =F48*F49 -> 318.81279 | G50: =G48*G49 -> 357.8345 | H50: =H48*H49 -> 373.57922
A51: Expected Terminal Value = | G51: =IF(B14="No",H50/(B10+C45-B10),H50/(B10+C45-B15)) -> 9000.9724
A52: Time to cashflow | C52: =C37 -> 0.66666667 | D52: =D37 -> 1.6666667 | E52: =E37 -> 2.6666667 | F52: =F37 -> 3.6666667 | G52: =G37 -> 4.6666667
A53: Present Value = | C53: =C50*C52/(1+$B$10+$C$45)^C52 -> 142.315 | D53: =D50/(1+$B$10+$C$45)^D52 -> 220.72771 | E53: =E50/(1+$B$10+$C$45)^E52 -> 228.2295 | F53: =F50/(1+$B$10+$C$45)^F52 -> 235.98625 | G53: =(G50+G51)/(1+$B$10+$C$45)^G52 -> 6381.7516
A54: Intrinsic Value of Index = | B54: =SUM(C53:G53) -> 7209.0101

Sheet Buyback & Dividend computation
A1: Year | B1: Dividend Yield | C1: Buybacks Yield | D1: Gross Cash Yield | E1: Payout | F1: Return on Equity | G1: Net Profit Margin | H1: Column1 | I1: Column2
A2: 2001 | B2: =I32 -> 0.013709727 | C2: =J32 -> 0.012490273 | D2: =K32 -> 0.0262 | E2: =(D32+E32)/C32 -> 0.77425889 | F2: =C32/M32 -> 0.11924494 | G2: =C32/O32 -> 0.052722289
A3: 2002 | B3: =I33 -> 0.018140074 | C3: =J33 -> 0.015759926 | D3: =K33 -> 0.0339 | E3: =(D33+E33)/C33 -> 0.64782576 | F3: =C33/M33 -> 0.13606407 | G3: =C33/O33 -> 0.068248862
A4: 2003 | B4: =I34 -> 0.016080438 | C4: =J34 -> 0.012319562 | D4: =K34 -> 0.0284 | E4: =(D34+E34)/C34 -> 0.57740435 | F4: =C34/M34 -> 0.16790495 | G4: =C34/O34 -> 0.076940392
A5: 2004 | B5: =I35 -> 0.015685854 | C5: =J35 -> 0.017814146 | D5: =K35 -> 0.0335 | E5: =(D35+E35)/C35 -> 0.59987175 | F5: =C35/M35 -> 0.18432879 | G5: =C35/O35 -> 0.0858698
A6: 2005 | B6: =I36 -> 0.0179 | C6: =J36 -> 0.0311 | D6: =K36 -> 0.049 | E6: =(D36+E36)/C36 -> 0.80008123 | F6: =C36/M36 -> 0.18432791 | G6: =C36/O36 -> 0.087439381
A7: 2006 | B7: =I37 -> 0.017656532 | C7: =J37 -> 0.033924896 | D7: =K37 -> 0.0516 | E7: =(D37+E37)/C37 -> 0.83399384 | F7: =C37/M37 -> 0.19361674 | G7: =C37/O37 -> 0.092093521
A8: 2007 | B8: =I38 -> 0.01916304 | C8: =J38 -> 0.045781784 | D8: =K38 -> 0.064944824 | E8: =(D38+E38)/C38 -> 1.1553475 | F8: =C38/M38 -> 0.16364321 | G8: =C38/O38 -> 0.080520545
A9: 2008 | B9: =I39 -> 0.031493887 | C9: =J39 -> 0.043255222 | D9: =K39 -> 0.074749109 | E9: =(D39+E39)/C39 -> 1.363707 | F9: =C39/M39 -> 0.093487415 | G9: =C39/O39 -> 0.047493429
A10: 2009 | B10: =I40 -> 0.019702861 | C10: =J40 -> 0.013864827 | D10: =K40 -> 0.033567687 | E10: =(D40+E40)/C40 -> 0.65824783 | F10: =C40/M40 -> 0.12597204 | G10: =C40/O40 -> 0.062593571 | J10: Table will be updated once the year's final numbers are in. For 2022, for instance, the update was in March 2023
A11: 2010 | B11: =I41 -> 0.018007874 | C11: =J41 -> 0.026143482 | D11: =K41 -> 0.044151356 | E11: =(D41+E41)/C41 -> 0.66284483 | F11: =C41/M41 -> 0.16310993 | G11: =C41/O41 -> 0.087014781
A12: 2011 | B12: =I42 -> 0.021097936 | C12: =J42 -> 0.035580149 | D12: =K42 -> 0.056678085 | E12: =(D42+E42)/C42 -> 0.7390954 | F12: =C42/M42 -> 0.16652278 | G12: =C42/O42 -> 0.091600733
A13: 2012 | B13: =I43 -> 0.021911527 | C13: =J43 -> 0.031306702 | D13: =K43 -> 0.053218229 | E13: =(D43+E43)/C43 -> 0.78392177 | F13: =C43/M43 -> 0.15790847 | G13: =C43/O43 -> 0.088632972
A14: 2013 | B14: =I44 -> 0.018881603 | C14: =J44 -> 0.028798502 | D14: =K44 -> 0.047680106 | E14: =(D44+E44)/C44 -> 0.83997331 | F14: =C44/M44 -> 0.15730842 | G14: =C44/O44 -> 0.09394615
A15: 2014 | B15: =I45 -> 0.019206906 | C15: =J45 -> 0.030324472 | D15: =K45 -> 0.049531378 | E15: =(D45+E45)/C45 -> 0.87792833 | F15: =C45/M45 -> 0.1622709 | G15: =C45/O45 -> 0.099852147
A16: 2015 | B16: =I46 -> 0.021238393 | C16: =J46 -> 0.03177197 | D16: =K46 -> 0.053010362 | E16: =(D46+E46)/C46 -> 1.078324 | F16: =C46/M46 -> 0.13821943 | G16: =C46/O46 -> 0.089146771
A17: 2016 | B17: =I47 -> 0.020412539 | C17: =J47 -> 0.027836092 | D17: =K47 -> 0.048248631 | E17: =(D47+E47)/C47 -> 1.0165631 | F17: =C47/M47 -> 0.14353834 | G17: =C47/O47 -> 0.092345396
A18: 2017 | B18: =I48 -> 0.018301099 | C18: =J48 -> 0.02275949 | D18: =K48 -> 0.041060588 | E18: =(D48+E48)/C48 -> 0.88169625 | F18: =C48/M48 -> 0.16191368 | G18: =C48/O48 -> 0.1010986
A19: 2018 | B19: =I49 -> 0.021696551 | C19: =J49 -> 0.038338951 | D19: =K49 -> 0.060035503 | E19: =(D49+E49)/C49 -> 0.98507658 | F19: =C49/M49 -> 0.18484731 | G19: =C49/O49 -> 0.11522826
A20: 2019 | B20: =I50 -> 0.018107083 | C20: =J50 -> 0.027179195 | D20: =K50 -> 0.045286278 | E20: =(D50+E50)/C50 -> 0.93084362 | F20: =C50/M50 -> 0.18456589 | G20: =C50/O50 -> 0.11287774
A21: 2020 | B21: =I51 -> 0.015175436 | C21: =J51 -> 0.016416094 | D21: =K51 -> 0.031591531 | E21: =(D51+E51)/C51 -> 0.8490269 | F21: =C51/M51 -> 0.15282668 | G21: =C51/O51 -> 0.10245358
A22: 2021 | B22: =I52 -> 0.012725075 | C22: =J52 -> 0.021948395 | D22: =K52 -> 0.03467347 | E22: =(D52+E52)/C52 -> 0.80477234 | F22: =C52/M52 -> 0.22139684 | G22: =C52/O52 -> 0.13589438
... A25: 2024 | B25: =I55 -> 0.013322129 | C25: =J55 -> 0.019942877 | D25: =K55 -> 0.033265006 | E25: =(D55+E55)/C55 -> 0.7990789 | F25: =C55/M55 -> 0.21002531 | G25: =C55/O55 -> 0.12408802
A26: Average: Last 10 years = | D26: =AVERAGE(D16:D25) -> 0.042767946 | E26: =AVERAGE(E16:E25) -> 0.90130267 | F26: =AVERAGE(F16:F25) -> 0.18007289 | G26: =AVERAGE(G16:G25) -> 0.11026294 | H26: Updated April 1, 2025
A27: Average: Last 5 years | D27: =AVERAGE(D21:D25) -> 0.03600762 | E27: =AVERAGE(E21:E25) -> 0.82410461 | F27: =AVERAGE(F21:F25) -> 0.19752885 | G27: =AVERAGE(G21:G25) -> 0.11838652 | H27: Updated April 1, 2025
A29: Index at the start of the current quarter = | D29: 6848.09 | E29: Base for normalized Cashflow | J29: Updated at the start of every quarter | M29: Last updated | N29: 44561
A31: Year | B31: Market value of index | C31: Earnings | D31: Dividends | E31: Buybacks | F31: Stock Issuances | G31: Cash to equity | H31: Net Cash to Equity | I31: Dividend yield | J31: Buyback yield | K31: Gross Cash Yield | L31: Net Cash Yield | M31: Book Value of Equity at start of year | N31: Return on Equity | O31: Sales per share | P31: Inflation rate | Q31: Inflation adjusted Earnings
A32: 2001 | B32: 1148.09 | C32: 38.85 | D32: =I32*B32 -> 15.74 | E32: =J32*B32 -> 14.339958 | G32: =D32+E32 -> 30.079958 | I32: 0.013709727 | J32: 0.012490273 | K32: 0.0262 | M32: 325.8 | N32: =C32/M32 -> 0.11924494 | O32: 736.88 | P32: 0.016 | Q32: =C32*(1+P33)*(1+P34)*(1+P35)*(1+P36)*(1+P37)*(1+P38)*(1+P39)*(1+P40)*(1+P41)*(1+P42)*(1+P43)*(1+P44)*(1+P45)*(1+P46)*(1+P47)*(1+P48)*(1+P49)*(1+P50)*(1+P51)*(1+P52)*(1+P53)*(1+P54)*(1+P55) -> 69.920216
A33: 2002 | B33: 879.82 | C33: 46.04 | D33: =I33*B33 -> 15.96 | E33: =J33*B33 -> 13.865898 | G33: =D33+E33 -> 29.825898 | I33: 0.018140074 | J33: 0.015759926 | K33: 0.0339 | M33: 338.37 | N33: =C33/M33 -> 0.13606407 | O33: 674.59 | P33: 0.0248 | Q33: =C33*(1+P34)*(1+P35)*(1+P36)*(1+P37)*(1+P38)*(1+P39)*(1+P40)*(1+P41)*(1+P42)*(1+P43)*(1+P44)*(1+P45)*(1+P46)*(1+P47)*(1+P48)*(1+P49)*(1+P50)*(1+P51)*(1+P52)*(1+P53)*(1+P54)*(1+P55) -> 80.855196
A34: 2003 | B34: 1111.91 | C34: 54.69 | D34: =I34*B34 -> 17.88 | E34: =J34*B34 -> 13.698244 | G34: =D34+E34 -> 31.578244 | I34: 0.016080438 | J34: 0.012319562 | K34: 0.0284 | M34: 325.72 | N34: =C34/M34 -> 0.16790495 | O34: 710.81 | P34: 0.0204 | Q34: =C34*(1+P35)*(1+P36)*(1+P37)*(1+P38)*(1+P39)*(1+P40)*(1+P41)*(1+P42)*(1+P43)*(1+P44)*(1+P45)*(1+P46)*(1+P47)*(1+P48)*(1+P49)*(1+P50)*(1+P51)*(1+P52)*(1+P53)*(1+P54)*(1+P55) -> 94.126106
A35: 2004 | B35: 1211.92 | C35: 67.68 | D35: =I35*B35 -> 19.01 | E35: =J35*B35 -> 21.58932 | G35: =D35+E35 -> 40.59932 | I35: 0.015685854 | J35: 0.017814146 | K35: 0.0335 | M35: 367.17 | N35: =C35/M35 -> 0.18432879 | O35: 788.17 | P35: 0.0334 | Q35: =C35*(1+P36)*(1+P37)*(1+P38)*(1+P39)*(1+P40)*(1+P41)*(1+P42)*(1+P43)*(1+P44)*(1+P45)*(1+P46)*(1+P47)*(1+P48)*(1+P49)*(1+P50)*(1+P51)*(1+P52)*(1+P53)*(1+P54)*(1+P55) -> 112.7182
A36: 2005 | B36: 1248.29 | C36: 76.45 | D36: =I36*B36 -> 22.344391 | E36: =J36*B36 -> 38.821819 | G36: =D36+E36 -> 61.16621 | I36: 0.0179 | J36: 0.0311 | K36: 0.049 | M36: 414.75 | N36: =C36/M36 -> 0.18432791 | O36: 874.32 | P36: 0.0334 | Q36: =C36*(1+P37)*(1+P38)*(1+P39)*(1+P40)*(1+P41)*(1+P42)*(1+P43)*(1+P44)*(1+P45)*(1+P46)*(1+P47)*(1+P48)*(1+P49)*(1+P50)*(1+P51)*(1+P52)*(1+P53)*(1+P54)*(1+P55) -> 123.20909
A37: 2006 | B37: 1418.3 | C37: 87.72 | D37: =I37*B37 -> 25.04226 | E37: =J37*B37 -> 48.11568 | G37: =D37+E37 -> 73.15794 | I37: 0.017656532 | J37: 0.033924896 | K37: 0.0516 | M37: 453.06 | N37: =C37/M37 -> 0.19361674 | O37: 952.51 | P37: 0.0252 | Q37: =C37*(1+P38)*(1+P39)*(1+P40)*(1+P41)*(1+P42)*(1+P43)*(1+P44)*(1+P45)*(1+P46)*(1+P47)*(1+P48)*(1+P48)*(1+P49)*(1+P50)*(1+P51)*(1+P52)*(1+P53)*(1+P54)*(1+P55) -> 140.80678
A38: 2007 | B38: 1468.36 | C38: 82.54 | D38: =I38*B38 -> 28.138242 | E38: =J38*B38 -> 67.224141 | G38: =D38+E38 -> 95.362382 | I38: 0.01916304 | J38: 0.045781784 | K38: =G38/B38 -> 0.064944824 | M38: 504.39 | N38: =C38/M38 -> 0.16364321 | O38: 1025.08 | P38: 0.0411 | Q38: =C38*(1+P39)*(1+P40)*(1+P41)*(1+P42)*(1+P43)*(1+P44)*(1+P45)*(1+P46)*(1+P47)*(1+P48)*(1+P49)*(1+P50)*(1+P51)*(1+P52)*(1+P53)*(1+P54)*(1+P55) -> 124.63174
A39: 2008 | B39: 903.25 | C39: 49.51 | D39: =F75*E75 -> 28.446853 | E39: =G75*E75 -> 39.070279 | G39: =D39+E39 -> 67.517132 | I39: =D39/B39 -> 0.031493887 | J39: =E39/B39 -> 0.043255222 | K39: =I39+J39 -> 0.074749109 | M39: 529.59 | N39: =C39/M39 -> 0.093487415 | O39: 1042.46 | P39: -0.0002 | Q39: =C39*(1+P40)*(1+P41)*(1+P42)*(1+P43)*(1+P44)*(1+P45)*(1+P46)*(1+P47)*(1+P48)*(1+P49)*(1+P50)*(1+P51)*(1+P52)*(1+P53)*(1+P54)*(1+P55) -> 74.772862
A40: 2009 | B40: 1115 | C40: 56.86 | D40: =F74*E74 -> 21.96869 | E40: =G74*E74 -> 15.459282 | G40: =D40+E40 -> 37.427971 | I40: =D40/B40 -> 0.019702861 | J40: =E40/B40 -> 0.013864827 | K40: =I40+J40 -> 0.033567687 | M40: 451.37 | N40: =C40/M40 -> 0.12597204 | O40: 908.4 | P40: 0.0281 | Q40: =C40*(1+P41)*(1+P42)*(1+P43)*(1+P44)*(1+P45)*(1+P46)*(1+P47)*(1+P48)*(1+P49)*(1+P50)*(1+P51)*(1+P52)*(1+P53)*(1+P54)*(1+P55) -> 83.526171
A41: 2010 | B41: 1257.64 | C41: 83.77 | D41: =F73*E73 -> 22.647423 | E41: =G73*E73 -> 32.879089 | G41: =D41+E41 -> 55.526511 | I41: =D41/B41 -> 0.018007874 | J41: =E41/B41 -> 0.026143482 | K41: =I41+J41 -> 0.044151356 | M41: 513.58 | N41: =C41/M41 -> 0.16310993 | O41: 962.71 | P41: 0.0144 | Q41: =C41*(1+P42)*(1+P43)*(1+P44)*(1+P45)*(1+P46)*(1+P47)*(1+P48)*(1+P49)*(1+P50)*(1+P51)*(1+P52)*(1+P53)*(1+P54)*(1+P55) -> 121.30955
A42: 2011 | B42: 1257.6 | C42: 96.44 | D42: =F72*E72 -> 26.532764 | E42: =G72*E72 -> 44.745596 | G42: =D42+E42 -> 71.27836 | I42: =D42/B42 -> 0.021097936 | J42: =E42/B42 -> 0.035580149 | K42: =I42+J42 -> 0.056678085 | M42: 579.14 | N42: =C42/M42 -> 0.16652278 | O42: 1052.83 | P42: 0.0306 | Q42: =C42*(1+P43)*(1+P44)*(1+P45)*(1+P46)*(1+P47)*(1+P48)*(1+P49)*(1+P50)*(1+P51)*(1+P52)*(1+P53)*(1+P54)*(1+P55) -> 135.51069
A43: 2012 | B43: 1426.19 | C43: 96.82 | D43: 31.25 | E43: =G71*E71 -> 44.649306 | G43: =D43+E43 -> 75.899306 | I43: =D43/B43 -> 0.021911527 | J43: =E43/B43 -> 0.031306702 | K43: =I43+J43 -> 0.053218229 | M43: 613.14 | N43: =C43/M43 -> 0.15790847 | O43: 1092.37 | P43: 0.0176 | Q43: =C43*(1+P44)*(1+P45)*(1+P46)*(1+P47)*(1+P48)*(1+P49)*(1+P50)*(1+P51)*(1+P52)*(1+P53)*(1+P54)*(1+P55) -> 133.69166
A44: 2013 | B44: 1848.36 | C44: 104.92 | D44: 34.9 | E44: 53.23 | G44: 88.13 | I44: =D44/B44 -> 0.018881603 | J44: =E44/B44 -> 0.028798502 | K44: =I44+J44 -> 0.047680106 | M44: 666.97 | N44: =C44/M44 -> 0.15730842 | O44: 1116.81 | P44: 0.0151 | Q44: =C44*(1+P45)*(1+P46)*(1+P47)*(1+P48)*(1+P49)*(1+P50)*(1+P51)*(1+P52)*(1+P53)*(1+P54)*(1+P55) -> 142.72127
A45: 2014 | B45: 2058.9 | C45: 116.16 | D45: =F69*E69 -> 39.545099 | E45: =G69*E69 -> 62.435056 | F45: 9.58 | G45: 101.98 | H45: =G45-F45 -> 92.4 | I45: =D45/B45 -> 0.019206906 | J45: =E45/B45 -> 0.030324472 | K45: =I45+J45 -> 0.049531378 | L45: =H45/B45 -> 0.044878333 | M45: 715.84 | N45: =C45/M45 -> 0.1622709 | O45: 1163.32 | P45: 0.0066 | Q45: =C45*(1+P46)*(1+P47)*(1+P48)*(1+P49)*(1+P50)*(1+P51)*(1+P52)*(1+P53)*(1+P54)*(1+P55) -> 156.97486
A46: 2015 | B46: 2043.94 | C46: 100.48 | D46: 43.41 | E46: 64.94 | F46: 9.43 | G46: =D46+E46 -> 108.35 | H46: =G46-F46 -> 98.92 | I46: =D46/B46 -> 0.021238393 | J46: =E46/B46 -> 0.03177197 | K46: =I46+J46 -> 0.053010362 | L46: =H46/B46 -> 0.048396724 | M46: 726.96 | N46: =C46/M46 -> 0.13821943 | O46: 1127.13 | P46: 0.0066 | Q46: =C46*(1+P47)*(1+P48)*(1+P49)*(1+P50)*(1+P51)*(1+P52)*(1+P53)*(1+P54)*(1+P55) -> 134.8951
A47: 2016 | B47: 2238.82 | C47: 106.26 | D47: 45.7 | E47: 62.32 | F47: =F56 -> 9.7206736 | G47: =D47+E47 -> 108.02 | H47: 98.66 | I47: =D47/B47 -> 0.020412539 | J47: =E47/B47 -> 0.027836092 | K47: =I47+J47 -> 0.048248631 | L47: =H47/B47 -> 0.044067857 | M47: 740.29 | N47: =C47/M47 -> 0.14353834 | O47: 1150.68 | P47: 0.0208 | Q47: =C47*(1+P48)*(1+P49)*(1+P50)*(1+P51)*(1+P52)*(1+P53)*(1+P54)*(1+P55) -> 139.74804
A48: 2017 | B48: 2673.61 | C48: 124.51 | D48: 48.93 | E48: 60.85 | F48: 9.41 | G48: =D48+E48 -> 109.78 | H48: 100.62 | I48: =D48/B48 -> 0.018301099 | J48: =E48/B48 -> 0.02275949 | K48: =I48+J48 -> 0.041060588 | L48: =H48/B48 -> 0.037634509 | M48: 768.99 | N48: =C48/M48 -> 0.16191368 | O48: 1231.57 | P48: 0.0211 | Q48: =C48*(1+P49)*(1+P50)*(1+P51)*(1+P52)*(1+P53)*(1+P54)*(1+P55) -> 160.36584
A49: 2018 | B49: 2506.85 | C49: 152.78 | D49: 54.39 | E49: 96.11 | F49: 8.81 | G49: =D49+E49 -> 150.5 | H49: =G49-F49 -> 141.69 | I49: =D49/B49 -> 0.021696551 | J49: =E49/B49 -> 0.038338951 | K49: =I49+J49 -> 0.060035503 | L49: =H49/B49 -> 0.056521132 | M49: 826.52 | N49: =C49/M49 -> 0.18484731 | O49: 1325.89 | P49: 0.0254 | Q49: =C49*(1+P50)*(1+P51)*(1+P52)*(1+P53)*(1+P54)*(1+P55) -> 191.90258
A50: 2019 | B50: 3230.78 | C50: 157.18 | D50: 58.5 | E50: 87.81 | F50: 8.81 | G50: =D50+E50 -> 146.31 | H50: =G50-F50 -> 137.5 | I50: =D50/B50 -> 0.018107083 | J50: =E50/B50 -> 0.027179195 | K50: =I50+J50 -> 0.045286278 | L50: =H50/B50 -> 0.042559382 | M50: 851.62 | N50: =C50/M50 -> 0.18456589 | O50: 1392.48 | P50: 0.0226 | Q50: =C50*(1+P51)*(1+P52)*(1+P53)*(1+P54)*(1+P55) -> 193.066
A51: 2020 | B51: 3756.07 | C51: 139.76 | D51: 57 | E51: 61.66 | F51: 12.44 | G51: =D51+E51 -> 118.66 | H51: =G51-F51 -> 106.22 | I51: =D51/B51 -> 0.015175436 | J51: =E51/B51 -> 0.016416094 | K51: =I51+J51 -> 0.031591531 | L51: =H51/B51 -> 0.028279558 | M51: 914.5 | N51: =C51/M51 -> 0.15282668 | O51: 1364.13 | P51: 0.013 | Q51: =C51*(1+P52)*(1+P53)*(1+P54)*(1+P55) -> 169.46576
A52: 2021 | B52: 4766.18 | C52: 205.35 | D52: 60.65 | E52: 104.61 | F52: 8.68 | G52: =D52+E52 -> 165.26 | H52: =G52-F52 -> 156.58 | I52: =D52/B52 -> 0.012725075 | J52: =E52/B52 -> 0.021948395 | K52: =I52+J52 -> 0.03467347 | L52: =H52/B52 -> 0.032852305 | M52: 927.52 | N52: =C52/M52 -> 0.22139684 | O52: 1511.1 | P52: 0.0715 | Q52: =C52*(1+P53)*(1+P54)*(1+P55) -> 232.38153
A53: 2022 | B53: 3839.5 | C53: 198.85 | D53: 66.98 | E53: 109.47 | F53: 7.73 | G53: =D53+E53 -> 176.45 | H53: =G53-F53 -> 168.72 | I53: =D53/B53 -> 0.01744498 | J53: =E53/B53 -> 0.028511525 | K53: =I53+J53 -> 0.045956505 | L53: =H53/B53 -> 0.043943222 | M53: 1008.02 | N53: =C53/M53 -> 0.19726791 | O53: 1714.63 | P53: 0.0642 | Q53: =C53*(1+P54)*(1+P55) -> 211.45076
A54: 2023 | B54: 4769.39 | C54: 211.19 | D54: 70.07 | E54: 94.72 | F54: 8.03 | G54: =D54+E54 -> 164.79 | H54: =G54-F54 -> 156.76 | I54: =D54/B54 -> 0.014691606 | J54: =E54/B54 -> 0.019859982 | K54: =I54+J54 -> 0.034551588 | L54: =H54/B54 -> 0.032867935 | M54: 1024.56 | N54: =C54/M54 -> 0.20612751 | O54: 1860.31 | P54: 0.0335 | Q54: =C54*(1+P55) -> 217.29339
A55: 2024 | B55: 5580.94 | C55: 232.33 | D55: 74.35 | E55: 111.3 | F55: 11.86 | G55: =D55+E55 -> 185.65 | H55: =G55-F55 -> 173.79 | I55: =D55/B55 -> 0.013322129 | J55: =E55/B55 -> 0.019942877 | K55: =I55+J55 -> 0.033265006 | L55: =H55/B55 -> 0.031139915 | M55: 1106.2 | N55: =C55/M55 -> 0.21002531 | O55: 1872.3 | P55: 0.0289 | Q55: 232.33
A56: Trailing four quarters | B56: =D29 -> 6848.09 | C56: =B87*B79 -> 255.59642 | D56: =C87*B79 -> 78.512262 | E56: =D87*B79 -> 120.47364 | F56: =F57 -> 9.7206736 | G56: =D56+E56 -> 198.9859 | H56: =G56-F56 -> 189.26523 | I56: =D56/B56 -> 0.011464841 | J56: =E56/B56 -> 0.017592297 | K56: =I56+J56 -> 0.029057138 | L56: =H56/B56 -> 0.027637666 | M56: 1106.21 | N56: =C56/M56 -> 0.23105596 | O56: 1872.3 | P56: 0.0274 | Q56: =C56 -> 255.59642 | R56: Updated at the start of every quarter
A57: S&P Cap IQ update | C57: =B91*F91 -> 254.46901 | D57: =C91*F91 -> 0 | E57: =D91*F91 -> 95.03293 | F57: =E91*F91 -> 9.7206736 | G57: =D57+E57 -> 95.03293 | H57: =G57-F57 -> 85.312257 | Q57: Updated at the start of every month
B58: Start of year | C58: Market Cap | D58: Index level | E58: Unit adjuster | F58: Dividends | G58: Buybacks
B59: 2025 | C59: 49810 | D59: 5881.63 | E59: =D59/C59 -> 0.11808131 | F59: 629.62 | G59: 947.55
B60: 2024 | C60: 40039 | D60: 4769.35 | E60: =D60/C60 -> 0.11911761 | F60: 588.24 | G60: 795.16
B61: 2023 | C61: 32133 | D61: 3859.5 | E61: =D61/C61 -> 0.12011017 | F61: 564.57 | G61: 922.68
B62: 2022 | C62: 40356 | D62: 4766.18 | E62: =D62/C62 -> 0.11810338 | F62: 511.23 | G62: 881.71
B63: 2021 | C63: 31659 | D63: 3756.07 | E63: =D63/C63 -> 0.11864146 | F63: 480.4 | G63: 519.69
B64: 2019 | C64: 26760 | D64: 3230 | E64: =D64/C64 -> 0.12070254 | F64: 485.48 | G64: 728.74
B65: 2018 | C65: 21033 | D65: 2506.85 | E65: =D65/C65 -> 0.11918652 | F65: 456.31 | G65: 806.41
B66: 2017 | C66: 22821 | D66: 2673.61 | E66: =D66/C66 -> 0.11715569 | F66: 419.77 | G66: 519.4
B67: 2016 | C67: 19268 | D67: 2238.82 | E67: =D67/C67 -> 0.11619369 | F67: 397.21 | G67: 536.38
B68: 2015 | C68: 17956 | D68: 2043.94 | E68: =D68/C68 -> 0.11383047 | F68: 382.46 | G68: 572.16
B69: 2014 | C69: 18245 | D69: 2058.9 | E69: =D69/C69 -> 0.11284736 | F69: =81.96+86.65+89.02+92.8 -> 350.43 | G69: =159.28+116.17+145.19+132.63 -> 553.27
B70: 2013 | C70: 16495 | D70: 1848.36 | E70: =D70/C70 -> 0.11205577 | F70: =70.86+76.67+79.26+84.98 -> 311.77 | G70: =99.97+118.05+128.16+129.41 -> 475.59
B71: 2012 | C71: 12742 | D71: 1426.19 | E71: =D71/C71 -> 0.11192827 | F71: =64.07+67.31+69.48+79.83 -> 280.69 | G71: =84.29+111.75+103.72+99.15 -> 398.91
B72: 2011 | C72: 11385 | D72: 1257.6 | E72: =D72/C72 -> 0.11046113 | F72: =56.08+59.03+59.2+65.89 -> 240.2 | G72: =89.84+109.24+118.41+87.59 -> 405.08
B73: 2010 | C73: 11430 | D73: =B41 -> 1257.64 | E73: =D73/C73 -> 0.11002975 | F73: 205.83 | G73: 298.82
B74: 2009 | C74: 9928 | D74: =B40 -> 1115 | E74: =D74/C74 -> 0.11230862 | F74: =51.73+47.63+47.21+49.04 -> 195.61 | G74: =30.78+24.2+34.85+47.82 -> 137.65
B75: 2008 | C75: 7852 | D75: =B39 -> 903.25 | E75: =D75/C75 -> 0.11503439 | F75: =62.19+61.44+61.94+61.72 -> 247.29 | G75: =48.12+89.71+87.91+113.9 -> 339.64
B76: 2007 | C76: 12868 | D76: =B38 -> 1468.36 | E76: =D76/C76 -> 0.11410942 | F76: =58.53+59.76+61.21+67.09 -> 246.59 | G76: =117.7+157.76+171.95+141.71 -> 589.12
B77: 2006 | C77: 12729 | D77: =B37 -> 1418.3 | E77: =D77/C77 -> 0.11142274
B78: Ratio
A79: Index units adjuster = | B79: =E59 -> 0.11808131 | C79: Updated April 1, 2025
A81: Computing the trailing 12 month number (S&P Data updated every quarter on March 15, June 15, Sept 15 and Dec 15)
A82: Quarter | B82: Earnings | C82: Dividends | D82: Buybacks | E82: Issuances
A83: Last quarter | B83: 617.34 | C83: 168.08 | D83: 249 | F83: Updated January 1, 2026 | H83: Normally this would be updated this month but S&P
A84: 2 quarters ago | B84: 541.59 | C84: 165.16 | D84: 234.57 | H84: has not updated the buybacks for the last quarter.
A85: 3 quarters ago | B85: 487.33 | C85: 164.1 | D85: 293.45
A86: 4 quarters ago | B86: 518.31982 | C86: 167.56 | D86: 243.24
A87: Sum | B87: =SUM(B83:B86) -> 2164.5798 | C87: =SUM(C83:C86) -> 664.9 | D87: =SUM(D83:D86) -> 1020.26 | E87: =E91 -> 88.2183
A89: S&P Capital IQ data (updated every month and does not match up to the S&P update every three quarters)
A90: Month | B90: Earnings | C90: Dividends | D90: Buybacks | E90: Issuances | F90: Index Units Adjuster
A91: 44681 | B91: ='S&P 500 Monthly Data (Cap IQ)'!G131/1000 -> 2309.3897 | C91: ='S&P 500 Monthly Data (Cap IQ)'!D130=1/1000 -> FALSE | D91: ='S&P 500 Monthly Data (Cap IQ)'!E131/1000 -> 862.455 | E91: ='S&P 500 Monthly Data (Cap IQ)'!F131/1000 -> 88.2183 | F91: ='S&P 500 Monthly Data (Cap IQ)'!J131*1000 -> 0.11018886 | H91: Updated May 1, 2026

Sheet Expected growth rate
A1: Top Down Estimates (Yardeni on 12/25/25) | F1: Top-down Estimates (Analyst Consensus on 4/30/26)
A2: Year | B2: Earnings on Index | D2: Source | F2: Year | G2: Growth Rate | H2: Earnings on index | I2: Source
A3: 2023 | C3: 221.36 | F3: 2023 | H3: 221.36
A4: 2024 | C4: 243.32 | D4: Yardeni | F4: 2024 | H4: 246.19 | I4: Analyst Consensus
A5: 2025 | B5: =C5/C4-1 -> 0.17129706 | C5: 285 | D5: Yardeni | F5: 2025 | H5: 271.29 | I5: Analyst Consensus
A6: 2026 | B6: =C6/C5-1 -> 0.12280702 | C6: 320 | D6: Yardeni | F6: 2026 | G6: =H6/H5-1 -> 0.20855911 | H6: 327.87 | I6: Analyst Consensus
A7: 2027 | B7: =B6-(B6-B10)/3 -> 0.096538012 | F7: 2027 | G7: =H7/H6-1 -> 0.16140544 | H7: 380.79 | I7: Analyst Consensus
A8: 2028 | B8: =B6-2*(B6-B10)/3 -> 0.070269006 | F8: 2028 | G8: =G7-(G7-G10)/3 -> 0.12227029
A9: 2029 | B9: =B7-2*(B7-B10)/2 -> 0.044 | F9: 2029 | G9: =G7-2*(G7-G10)/3 -> 0.083135145
A10: 2030 | B10: ='Impl premium calculator'!B10 -> 0.044 | F10: 2030 | G10: ='Impl premium calculator'!B10 -> 0.044
A11: Compounded average | B11: =((1+B5)*(1+B6)*(1+B7)*(1+B8)*(1+B9))^(1/5)-1 -> 0.10011443 | F11: CAGR | G11: =((1+G6)*(1+G7)*(1+G8)*(1+G9)*(1+G10))^(1/5)-1 -> 0.12239694
A13: Sources for top down estimates
A14: Thomson Reuters
A15: Factset
A16: Yardeni
A17: S&P Capital IQ | B17: Used estimated Net Income aggregated across
B18: individual companies for next two years
G25: On 12/31/25
G26: Market Strategists Estimates
G27: FIRM | H27: 2026 S&P | I27: 2026 EPS | J27: IMPLIED P/E
G28: Bank of America | H28: 7100 | I28: 310 | J28: =H28/I28 -> 22.903226
G29: Societe Generale | H29: 7300 | I29: 310 | J29: =H29/I29 -> 23.548387
G30: Barclays | H30: 7400 | I30: 305 | J30: =H30/I30 -> 24.262295
G31: CFRA | H31: 7400 | I31: 310 | J31: =H31/I31 -> 23.870968
G32: HSBC | H32: 7500 | I32: 300 | J32: =H32/I32 -> 25
G33: Yardeni | H33: 7700 | I33: 310 | J33: =H33/I33 -> 24.83871
G34: Deutsche Bank | H34: 8000 | I34: 320 | J34: =H34/I34 -> 25
G35: Capital Economics | H35: 8000 | I35: 305 | J35: =H35/I35 -> 26.229508
G36: Goldman Sachs | H36: 7600 | I36: 305 | J36: =H36/I36 -> 24.918033
G37: JP Morgan Chase | H37: 7500 | I37: 315 | J37: =H37/I37 -> 23.809524
G38: Morgan Stanley | H38: 7800 | I38: 317 | J38: =H38/I38 -> 24.605678
G39: Oppenheimer | H39: 8100 | I39: 305 | J39: =H39/I39 -> 26.557377
... G42: Well Fargo | H42: 7800 | I42: 310 | J42: =H42/I42 -> 25.16129
G43: Average | H43: =AVERAGE(H28:H42) -> 7630 | I43: =AVERAGE(I28:I42) -> 309.46667 | J43: =AVERAGE(J28:J42) -> 24.659764
G44: Median | H44: =MEDIAN(H28:H42) -> 7600 | I44: =MEDIAN(I28:I42) -> 310 | J44: =MEDIAN(J28:J42) -> 24.83871
G45: High | H45: =MAX(H28:H42) -> 8100 | I45: =MAX(I28:I42) -> 320 | J45: =MAX(J28:J42) -> 26.557377
G46: Low | H46: =MIN(H28:H42) -> 7100 | I46: =MIN(I28:I42) -> 300 | J46: =MIN(J28:J42) -> 22.903226

Sheet Implied ERP- Annual since 1960
A1: Year | B1: Earnings Yield | C1: Dividend Yield | D1: T.Bond Rate | E1: Implied ERP
A2: 1960 | B2: 0.0534 | C2: 0.0341 | D2: 0.0276
A3: 1961 | B3: 0.0471 | C3: 0.0285 | D3: 0.0235 | E3: 0.0292
A4: 1962 | B4: 0.0581 | C4: 0.034 | D4: 0.0385 | E4: 0.0356
A5: 1963 | B5: 0.0551 | C5: 0.0313 | D5: 0.0414 | E5: 0.0338
A6: 1964 | B6: 0.0562 | C6: 0.0305 | D6: 0.0421 | E6: 0.0331
A7: 1965 | B7: 0.0573 | C7: 0.0306 | D7: 0.0465 | E7: 0.0332
A8: 1966 | B8: 0.0674 | C8: 0.0359 | D8: 0.0464 | E8: 0.0368
A9: 1967 | B9: 0.0566 | C9: 0.0309 | D9: 0.057 | E9: 0.032
A10: 1968 | B10: 0.0551 | C10: 0.0293 | D10: 0.0616 | E10: 0.03
A11: 1969 | B11: 0.0663 | C11: 0.0352 | D11: 0.0788 | E11: 0.0374
A12: 1970 | B12: 0.0598 | C12: 0.0346 | D12: 0.065 | E12: 0.0341
A13: 1971 | B13: 0.0546 | C13: 0.031 | D13: 0.0589 | E13: 0.0309
A14: 1972 | B14: 0.0523 | C14: 0.027 | D14: 0.0641 | E14: 0.0272
... A66: 2024 | B66: 0.041369484 | C66: 0.012479534 | D66: 0.0458 | E66: 0.0433

Sheet Implied ERP (Monthly from 9-08)
A1: Start of month | B1: S&P 500 | C1: T.Bond Rate | D1: $ Riskfree Rate | E1: Ten-year average CF | F1: CF (Trailing 12 month) | G1: Normalized CF | H1: Expected growth rate | I1: ERP (T12 m with sustainable payout) | J1: ERP (T12m) | K1: ERP (T12m) with adj riskfree rate | L1: ERP (Smoothed) | M1: ERP (Normalized) | N1: ERP (Net Cash Yield) | O1: ERP (Covid Adjusted) | P1: Expected Return | Q1: Notes
A2: 38230 | B2: 1252 | C2: 0.0372 | J2: 0.0422 | P2: =Table167[[#This Row],[ERP (T12m)]]+Table167[[#This Row],[T.Bond Rate]] -> 0.0794
A3: 38260 | B3: 1166 | C3: 0.0383 | J3: 0.0451 | P3: =Table167[[#This Row],[ERP (T12m)]]+Table167[[#This Row],[T.Bond Rate]] -> 0.0834
A4: 38291 | B4: 969 | C4: 0.0395 | J4: 0.059 | P4: =Table167[[#This Row],[ERP (T12m)]]+Table167[[#This Row],[T.Bond Rate]] -> 0.0985
A5: 38321 | B5: 896 | C5: 0.0292 | J5: 0.066 | P5: =Table167[[#This Row],[ERP (T12m)]]+Table167[[#This Row],[T.Bond Rate]] -> 0.0952
A6: 38352 | B6: 903 | C6: 0.0221 | F6: 52.58 | H6: 0.04 | J6: 0.0643 | P6: =Table167[[#This Row],[ERP (T12m)]]+Table167[[#This Row],[T.Bond Rate]] -> 0.0864
A7: 38383 | B7: 826 | C7: 0.0287 | F7: 52.58 | H7: 0.04 | J7: 0.0687 | P7: =Table167[[#This Row],[ERP (T12m)]]+Table167[[#This Row],[T.Bond Rate]] -> 0.0974
A8: 38411 | B8: 735 | C8: 0.0302 | F8: 52.58 | H8: 0.04 | J8: 0.0768 | P8: =Table167[[#This Row],[ERP (T12m)]]+Table167[[#This Row],[T.Bond Rate]] -> 0.107
A9: 38442 | B9: 798 | C9: 0.0271 | F9: 51.55 | H9: 0.04 | J9: 0.0701 | P9: =Table167[[#This Row],[ERP (T12m)]]+Table167[[#This Row],[T.Bond Rate]] -> 0.0972
A10: 38472 | B10: 873 | C10: 0.0316 | F10: 51.55 | H10: 0.04 | J10: 0.0632 | P10: =Table167[[#This Row],[ERP (T12m)]]+Table167[[#This Row],[T.Bond Rate]] -> 0.0948
A11: 38503 | B11: 919 | C11: 0.0347 | F11: 51.55 | H11: 0.04 | J11: 0.0594 | P11: =Table167[[#This Row],[ERP (T12m)]]+Table167[[#This Row],[T.Bond Rate]] -> 0.0941
A12: 38533 | B12: 919 | C12: 0.0353 | F12: 50.95 | H12: 0.04 | J12: 0.0586 | P12: =Table167[[#This Row],[ERP (T12m)]]+Table167[[#This Row],[T.Bond Rate]] -> 0.0939
A13: 38564 | B13: 987 | C13: 0.0352 | F13: 50.95 | H13: 0.04 | J13: 0.0546 | P13: =Table167[[#This Row],[ERP (T12m)]]+Table167[[#This Row],[T.Bond Rate]] -> 0.0898
A14: 38595 | B14: 1021 | C14: 0.034 | F14: 50.95 | H14: 0.04 | J14: 0.053 | P14: =Table167[[#This Row],[ERP (T12m)]]+Table167[[#This Row],[T.Bond Rate]] -> 0.087
A15: 38625 | B15: 1057 | C15: 0.033 | F15: 48.52 | H15: 0.04 | J15: 0.0486 | P15: =Table167[[#This Row],[ERP (T12m)]]+Table167[[#This Row],[T.Bond Rate]] -> 0.0816
A16: 38656 | B16: 1036 | C16: 0.0339 | F16: 48.52 | H16: 0.04 | J16: 0.0497 | P16: =Table167[[#This Row],[ERP (T12m)]]+Table167[[#This Row],[T.Bond Rate]] -> 0.0836
A17: 38686 | B17: 1096 | C17: 0.0324 | F17: 48.52 | H17: 0.04 | J17: 0.0473 | P17: =Table167[[#This Row],[ERP (T12m)]]+Table167[[#This Row],[T.Bond Rate]] -> 0.0797
... A28: 39021 | B28: 1183 | C28: 0.026 | F28: 48.2 | H28: 0.0721 | J28: 0.0511 | P28: =Table167[[#This Row],[ERP (T12m)]]+Table167[[#This Row],[T.Bond Rate]] -> 0.0771
A29: 39051 | B29: 1181 | C29: 0.028 | F29: =F28 -> 48.2 | H29: 0.0721 | J29: 0.0508 | P29: =Table167[[#This Row],[ERP (T12m)]]+Table167[[#This Row],[T.Bond Rate]] -> 0.0788
A30: 39082 | B30: 1258 | C30: 0.0329 | F30: 53.9645 | H30: 0.0695 | J30: 0.052 | P30: =Table167[[#This Row],[ERP (T12m)]]+Table167[[#This Row],[T.Bond Rate]] -> 0.0849
A31: 39113 | B31: 1286 | C31: 0.0338 | F31: =F30 -> 53.9645 | H31: 0.0695 | J31: 0.0507 | P31: =Table167[[#This Row],[ERP (T12m)]]+Table167[[#This Row],[T.Bond Rate]] -> 0.0845
A32: 39141 | B32: 1327 | C32: 0.0342 | F32: =F31 -> 53.9645 | H32: =H31 -> 0.0695 | J32: 0.049 | P32: =Table167[[#This Row],[ERP (T12m)]]+Table167[[#This Row],[T.Bond Rate]] -> 0.0832
A33: 39172 | B33: 1326 | C33: 0.0347 | F33: 58.54 | H33: 0.0695 | J33: 0.0531 | P33: =Table167[[#This Row],[ERP (T12m)]]+Table167[[#This Row],[T.Bond Rate]] -> 0.0878
A34: 39202 | B34: 1364 | C34: 0.0329 | F34: 58.15 | H34: 0.0695 | J34: 0.0516 | P34: =Table167[[#This Row],[ERP (T12m)]]+Table167[[#This Row],[T.Bond Rate]] -> 0.0845
A35: 39233 | B35: 1345 | C35: 0.0306 | F35: 58.15 | H35: 0.0695 | J35: 0.0527 | P35: =Table167[[#This Row],[ERP (T12m)]]+Table167[[#This Row],[T.Bond Rate]] -> 0.0833
A36: 39263 | B36: 1321 | C36: 0.0317 | F36: 62.24 | H36: 0.0695 | J36: 0.0572 | P36: =Table167[[#This Row],[ERP (T12m)]]+Table167[[#This Row],[T.Bond Rate]] -> 0.0889
A37: 39294 | B37: 1292 | C37: 0.028 | F37: 62.24 | H37: 0.0695 | J37: 0.0592 | P37: =Table167[[#This Row],[ERP (T12m)]]+Table167[[#This Row],[T.Bond Rate]] -> 0.0872
A38: 39325 | B38: 1219 | C38: 0.0223 | F38: 62.24 | H38: 0.0695 | J38: 0.0639 | P38: =Table167[[#This Row],[ERP (T12m)]]+Table167[[#This Row],[T.Bond Rate]] -> 0.0862
A39: 39355 | B39: 1131 | C39: 0.0192 | F39: 68.65 | H39: 0.0695 | J39: 0.0764 | P39: =Table167[[#This Row],[ERP (T12m)]]+Table167[[#This Row],[T.Bond Rate]] -> 0.0956
A40: 39386 | B40: 1253 | C40: 0.0205 | F40: 68.65 | H40: 0.055 | J40: 0.0649 | P40: =Table167[[#This Row],[ERP (T12m)]]+Table167[[#This Row],[T.Bond Rate]] -> 0.0854
A41: 39416 | B41: 1247 | C41: 0.0207 | F41: 68.65 | H41: 0.055 | J41: 0.0651 | P41: =Table167[[#This Row],[ERP (T12m)]]+Table167[[#This Row],[T.Bond Rate]] -> 0.0858
A42: 39447 | B42: 1258 | C42: 0.0187 | E42: 59.01 | F42: 72.23 | H42: 0.0718 | J42: 0.0732 | L42: 0.0601 | P42: =Table167[[#This Row],[ERP (T12m)]]+Table167[[#This Row],[T.Bond Rate]] -> 0.0919 | Q42: Normalized Cash flow = Average CF yield over last 10 years * Index level at start of quarter
A43: 39478 | B43: 1312 | C43: 0.0181 | E43: 59.01 | F43: 72.23 | H43: 0.0718 | J43: 0.0704 | L43: 0.0578 | P43: =Table167[[#This Row],[ERP (T12m)]]+Table167[[#This Row],[T.Bond Rate]] -> 0.0885
A44: 39507 | B44: 1366 | C44: 0.0198 | E44: 59.01 | F44: 72.23 | H44: 0.0718 | J44: 0.0673 | L44: 0.0552 | P44: =Table167[[#This Row],[ERP (T12m)]]+Table167[[#This Row],[T.Bond Rate]] -> 0.0871
A45: 39538 | B45: 1408 | C45: 0.0221 | E45: 66.29 | F45: 74.07 | H45: 0.0718 | J45: 0.0664 | L45: 0.0596 | P45: =Table167[[#This Row],[ERP (T12m)]]+Table167[[#This Row],[T.Bond Rate]] -> 0.0885
A46: 39568 | B46: 1398 | C46: 0.0192 | E46: 66.29 | F46: 74.07 | H46: 0.0718 | J46: 0.0676 | L46: 0.0606 | P46: =Table167[[#This Row],[ERP (T12m)]]+Table167[[#This Row],[T.Bond Rate]] -> 0.0868
A47: 39599 | B47: 1310 | C47: 0.0155 | E47: 66.29 | F47: 74.07 | H47: 0.0718 | J47: 0.0728 | L47: 0.0654 | P47: =Table167[[#This Row],[ERP (T12m)]]+Table167[[#This Row],[T.Bond Rate]] -> 0.0883
A48: 39629 | B48: 1362 | C48: 0.0165 | E48: 64.06 | F48: 71.55 | H48: 0.0656 | J48: 0.0659 | L48: 0.0591 | P48: =Table167[[#This Row],[ERP (T12m)]]+Table167[[#This Row],[T.Bond Rate]] -> 0.0824 | Q48: Adjusted cash flows and expected growth rate
A49: 39660 | B49: 1379 | C49: 0.0147 | E49: 64.06 | F49: 71.55 | H49: 0.0656 | J49: 0.0655 | L49: 0.0588 | P49: =Table167[[#This Row],[ERP (T12m)]]+Table167[[#This Row],[T.Bond Rate]] -> 0.0802
A50: 39691 | B50: 1407 | C50: 0.0155 | E50: 64.06 | F50: 71.55 | H50: 0.0656 | J50: 0.0641 | L50: 0.0575 | P50: =Table167[[#This Row],[ERP (T12m)]]+Table167[[#This Row],[T.Bond Rate]] -> 0.0796
A51: 39721 | B51: 1441 | C51: 0.0162 | E51: 67.74 | F51: 72.74 | H51: 0.0656 | J51: 0.0635 | L51: 0.0592 | P51: =Table167[[#This Row],[ERP (T12m)]]+Table167[[#This Row],[T.Bond Rate]] -> 0.0797 | Q51: Adjusted cash flows
A52: 39752 | B52: 1412 | C52: 0.0175 | E52: 67.74 | F52: 72.74 | H52: 0.0656 | J52: 0.0644 | L52: 0.0601 | P52: =Table167[[#This Row],[ERP (T12m)]]+Table167[[#This Row],[T.Bond Rate]] -> 0.0819
A53: 39782 | B53: 1416 | C53: 0.0162 | E53: 67.74 | F53: 72.74 | H53: 0.0656 | J53: 0.0645 | L53: 0.0602 | P53: =Table167[[#This Row],[ERP (T12m)]]+Table167[[#This Row],[T.Bond Rate]] -> 0.0807
A54: 39813 | B54: 1426 | C54: 0.0176 | E54: 69.46 | F54: 72.25 | H54: 0.0527 | J54: 0.06 | L54: 0.0578 | P54: =Table167[[#This Row],[ERP (T12m)]]+Table167[[#This Row],[T.Bond Rate]] -> 0.0776 | Q54: Adjusted growth rate & cash flows
A55: 39844 | B55: 1498 | C55: 0.02 | E55: 69.46 | F55: 72.25 | H55: 0.0527 | J55: 0.0567 | L55: 0.0546 | P55: =Table167[[#This Row],[ERP (T12m)]]+Table167[[#This Row],[T.Bond Rate]] -> 0.0767
A56: 39872 | B56: 1514.68 | C56: 0.0188 | E56: 69.46 | F56: 72.25 | H56: 0.0532 | J56: 0.0565 | L56: 0.0543 | P56: =Table167[[#This Row],[ERP (T12m)]]+Table167[[#This Row],[T.Bond Rate]] -> 0.0753
A57: 39903 | B57: 1569 | C57: 0.0185 | E57: 76.76 | F57: 75.31 | H57: 0.0531 | J57: 0.0568 | L57: 0.0579 | P57: =Table167[[#This Row],[ERP (T12m)]]+Table167[[#This Row],[T.Bond Rate]] -> 0.0753 | Q57: Adjusted cash flows
A58: 39933 | B58: 1598 | C58: 0.0165 | E58: 76.76 | F58: 75.31 | H58: 0.0523 | J58: 0.056 | L58: 0.0571 | P58: =Table167[[#This Row],[ERP (T12m)]]+Table167[[#This Row],[T.Bond Rate]] -> 0.0725
A59: 39964 | B59: 1631 | C59: 0.0214 | E59: 76.76 | F59: 75.31 | H59: 0.0543 | J59: 0.0545 | L59: 0.0555 | P59: =Table167[[#This Row],[ERP (T12m)]]+Table167[[#This Row],[T.Bond Rate]] -> 0.0759
A60: 39994 | B60: 1606 | C60: 0.0249 | E60: 78.66 | F60: 78.58 | H60: 0.0557 | J60: 0.0573 | L60: 0.0574 | P60: =Table167[[#This Row],[ERP (T12m)]]+Table167[[#This Row],[T.Bond Rate]] -> 0.0822 | Q60: Adjusted cash flows
A61: 40025 | B61: 1686 | C61: 0.0257 | E61: 78.66 | F61: 78.58 | H61: 0.056 | J61: 0.0546 | L61: 0.0546 | P61: =Table167[[#This Row],[ERP (T12m)]]+Table167[[#This Row],[T.Bond Rate]] -> 0.0803
A62: 40056 | B62: 1633 | C62: 0.0279 | E62: 78.66 | F62: 78.58 | H62: 0.0569 | J62: 0.0562 | L62: 0.0561 | P62: =Table167[[#This Row],[ERP (T12m)]]+Table167[[#This Row],[T.Bond Rate]] -> 0.0841
A63: 40086 | B63: 1682 | C63: 0.0261 | E63: 82.35 | F63: 80.33 | H63: 0.0562 | J63: 0.0559 | L63: 0.0573 | P63: =Table167[[#This Row],[ERP (T12m)]]+Table167[[#This Row],[T.Bond Rate]] -> 0.082 | Q63: Adjusted cash flows
A64: 40117 | B64: 1757 | C64: 0.0255 | E64: 82.35 | F64: 80.33 | H64: 0.0559 | J64: 0.0536 | L64: 0.0549 | P64: =Table167[[#This Row],[ERP (T12m)]]+Table167[[#This Row],[T.Bond Rate]] -> 0.0791
A65: 40147 | B65: 1806 | C65: 0.0275 | E65: 82.35 | F65: 80.33 | H65: 0.0567 | J65: 0.0519 | L65: 0.0532 | P65: =Table167[[#This Row],[ERP (T12m)]]+Table167[[#This Row],[T.Bond Rate]] -> 0.0794
A66: 40178 | B66: 1848 | C66: 0.0304 | E66: 90.52 | F66: 84.16 | H66: 0.0428 | J66: 0.0496 | L66: 0.0533 | P66: =Table167[[#This Row],[ERP (T12m)]]+Table167[[#This Row],[T.Bond Rate]] -> 0.08 | Q66: Updated cash flows, growth rate
A67: 40209 | B67: 1783 | C67: 0.0265 | E67: 90.52 | F67: 84.16 | H67: 0.0413 | J67: 0.0517 | L67: 0.0556 | P67: =Table167[[#This Row],[ERP (T12m)]]+Table167[[#This Row],[T.Bond Rate]] -> 0.0782
A68: 40237 | B68: 1859 | C68: 0.0266 | E68: 90.52 | F68: 84.16 | H68: 0.0413 | J68: 0.0496 | L68: 0.0533 | P68: =Table167[[#This Row],[ERP (T12m)]]+Table167[[#This Row],[T.Bond Rate]] -> 0.0762
A69: 40268 | B69: 1874 | C69: 0.0272 | E69: 95.39 | F69: 88.13 | H69: 0.0415 | J69: 0.0515 | L69: 0.0557 | P69: =Table167[[#This Row],[ERP (T12m)]]+Table167[[#This Row],[T.Bond Rate]] -> 0.0787 | Q69: Updated cash flows
A70: 40298 | B70: 1884 | C70: 0.0265 | E70: 95.39 | F70: 88.13 | H70: 0.0413 | J70: 0.0512 | L70: 0.0554 | P70: =Table167[[#This Row],[ERP (T12m)]]+Table167[[#This Row],[T.Bond Rate]] -> 0.0777
A71: 40329 | B71: 1924 | C71: 0.0248 | E71: 95.39 | F71: 88.13 | H71: 0.0406 | J71: 0.0503 | L71: 0.0545 | P71: =Table167[[#This Row],[ERP (T12m)]]+Table167[[#This Row],[T.Bond Rate]] -> 0.0751
A72: 40359 | B72: 1960 | C72: 0.0252 | E72: 99.78 | F72: 96.01 | H72: 0.0407 | J72: 0.0538 | L72: 0.0559 | P72: =Table167[[#This Row],[ERP (T12m)]]+Table167[[#This Row],[T.Bond Rate]] -> 0.079 | Q72: Updated cash flows
A73: 40390 | B73: 1931 | C73: 0.0256 | E73: 99.78 | F73: 96.01 | H73: 0.0409 | J73: 0.0545 | L73: 0.0567 | P73: =Table167[[#This Row],[ERP (T12m)]]+Table167[[#This Row],[T.Bond Rate]] -> 0.0801
A74: 40421 | B74: 2003 | C74: 0.0235 | E74: 99.78 | F74: 96.01 | H74: 0.04 | J74: 0.0528 | L74: 0.0548 | P74: =Table167[[#This Row],[ERP (T12m)]]+Table167[[#This Row],[T.Bond Rate]] -> 0.0763
A75: 40451 | B75: 1973 | C75: 0.0249 | E75: 100.41 | F75: 97.52 | H75: 0.0404 | J75: 0.0543 | L75: 0.0559 | N75: 0.0487 | P75: =Table167[[#This Row],[ERP (T12m)]]+Table167[[#This Row],[T.Bond Rate]] -> 0.0792 | Q75: Updated cash flows
A76: 40482 | B76: 2018 | C76: 0.0234 | E76: 100.41 | F76: 97.52 | H76: 0.04 | J76: 0.0532 | L76: 0.0548 | N76: 0.0478 | P76: =Table167[[#This Row],[ERP (T12m)]]+Table167[[#This Row],[T.Bond Rate]] -> 0.0766
A77: 40512 | B77: 2068 | C77: 0.0217 | E77: 100.41 | F77: 97.52 | H77: 0.0393 | J77: 0.0521 | L77: 0.0536 | N77: 0.0468 | P77: =Table167[[#This Row],[ERP (T12m)]]+Table167[[#This Row],[T.Bond Rate]] -> 0.0738
A78: 40543 | B78: 2059 | C78: 0.0217 | E78: 107.97 | F78: 100.5 | H78: 0.0558 | J78: 0.0578 | L78: 0.0621 | N78: 0.0521 | P78: =Table167[[#This Row],[ERP (T12m)]]+Table167[[#This Row],[T.Bond Rate]] -> 0.0795 | Q78: Updated cash flows, growth rate
A79: 40574 | B79: 1995 | C79: 0.017 | E79: 107.97 | F79: 100.5 | H79: 0.0538 | J79: 0.0601 | L79: 0.0645 | N79: 0.0542 | P79: =Table167[[#This Row],[ERP (T12m)]]+Table167[[#This Row],[T.Bond Rate]] -> 0.0771
A80: 40602 | B80: 2105 | C80: 0.02 | E80: 107.97 | F80: 100.5 | H80: 0.0551 | J80: 0.0567 | L80: 0.0609 | N80: 0.0511 | P80: =Table167[[#This Row],[ERP (T12m)]]+Table167[[#This Row],[T.Bond Rate]] -> 0.0767
A81: 40633 | B81: 2068 | C81: 0.0193 | E81: 108.59 | F81: 101.98 | H81: 0.0548 | J81: 0.0586 | L81: 0.0624 | N81: 0.0532 | P81: =Table167[[#This Row],[ERP (T12m)]]+Table167[[#This Row],[T.Bond Rate]] -> 0.0779 | Q81: Updated cash flows
A82: 40663 | B82: 2086 | C82: 0.0205 | E82: 108.59 | F82: 101.98 | H82: 0.0553 | J82: 0.058 | L82: 0.0617 | N82: 0.0527 | P82: =Table167[[#This Row],[ERP (T12m)]]+Table167[[#This Row],[T.Bond Rate]] -> 0.0785
A83: 40694 | B83: 2107 | C83: 0.0213 | E83: 108.59 | F83: 101.98 | H83: 0.0556 | J83: 0.0574 | L83: 0.061 | N83: 0.0521 | P83: =Table167[[#This Row],[ERP (T12m)]]+Table167[[#This Row],[T.Bond Rate]] -> 0.0787
A84: 40724 | B84: 2063 | C84: 0.0236 | E84: 108.34 | F84: 101.58 | H84: 0.0565 | J84: 0.0581 | L84: 0.0619 | N84: 0.0523 | P84: =Table167[[#This Row],[ERP (T12m)]]+Table167[[#This Row],[T.Bond Rate]] -> 0.0817 | Q84: Updated cash flows
A85: 40755 | B85: 2104 | C85: 0.0218 | E85: 108.34 | F85: 101.58 | H85: 0.0558 | J85: 0.059 | L85: 0.0627 | N85: 0.0514 | P85: =Table167[[#This Row],[ERP (T12m)]]+Table167[[#This Row],[T.Bond Rate]] -> 0.0808 | Q85: Updated growth rate
A86: 40786 | B86: 1972 | C86: 0.0222 | E86: 108.34 | F86: 101.58 | H86: 0.0632 | J86: 0.0628 | L86: 0.0669 | N86: 0.0565 | P86: =Table167[[#This Row],[ERP (T12m)]]+Table167[[#This Row],[T.Bond Rate]] -> 0.085
A87: 40816 | B87: 1920 | C87: 0.0206 | E87: 100.83 | F87: 104.2 | G87: 74.24 | H87: 0.0625 | J87: 0.0663 | L87: 0.0642 | M87: 0.0469 | N87: 0.0596 | P87: =Table167[[#This Row],[ERP (T12m)]]+Table167[[#This Row],[T.Bond Rate]] -> 0.0869 | Q87: Updated cash flow
A88: 40847 | B88: 2079 | C88: 0.0215 | E88: 100.83 | F88: 104.2 | G88: 74.24 | H88: 0.0629 | J88: 0.0612 | L88: 0.0592 | M88: 0.0438 | N88: 0.055 | P88: =Table167[[#This Row],[ERP (T12m)]]+Table167[[#This Row],[T.Bond Rate]] -> 0.0827
A89: 40877 | B89: 2080 | C89: 0.0221 | E89: 100.83 | F89: 104.2 | G89: 74.24 | H89: 0.0632 | J89: 0.0611 | L89: 0.0592 | M89: 0.0438 | N89: 0.0543 | P89: =Table167[[#This Row],[ERP (T12m)]]+Table167[[#This Row],[T.Bond Rate]] -> 0.0832
A90: 40908 | B90: 2044 | C90: 0.0227 | E90: 107.33 | F90: 106.1 | G90: 74.24 | H90: 0.0555 | I90: 0.0516 | J90: 0.0612 | L90: 0.0619 | M90: 0.043 | N90: 0.0546 | P90: =Table167[[#This Row],[ERP (T12m)]]+Table167[[#This Row],[T.Bond Rate]] -> 0.0839 | Q90: Updated cash flow, growth rate
A91: 40939 | B91: 1940 | C91: 0.0192 | E91: 107.33 | F91: 106.1 | G91: 74.24 | H91: 0.0538 | I91: 0.0561 | J91: 0.0647 | L91: 0.0654 | M91: 0.0455 | N91: 0.0592 | P91: =Table167[[#This Row],[ERP (T12m)]]+Table167[[#This Row],[T.Bond Rate]] -> 0.0839
A92: 40968 | B92: 1932 | C92: 0.0174 | E92: 107.33 | F92: 106.1 | G92: 74.24 | H92: 0.0529 | I92: 0.0572 | J92: 0.0651 | L92: 0.0658 | M92: 0.0458 | N92: 0.0596 | P92: =Table167[[#This Row],[ERP (T12m)]]+Table167[[#This Row],[T.Bond Rate]] -> 0.0825
A93: 40999 | B93: 2060 | C93: 0.0177 | E93: 108.35 | F93: 108.16 | G93: 74.24 | H93: 0.0532 | I93: 0.0515 | J93: 0.0624 | L93: 0.0623 | M93: 0.043 | N93: 0.0562 | P93: =Table167[[#This Row],[ERP (T12m)]]+Table167[[#This Row],[T.Bond Rate]] -> 0.0801 | Q93: Updated cash flow
A94: 41029 | B94: 2065 | C94: 0.0183 | E94: 108.35 | F94: 108.99 | G94: 82.17 | H94: 0.0533 | I94: 0.0511 | J94: 0.0622 | L94: 0.0625 | M94: 0.0473 | N94: 0.0569 | P94: =Table167[[#This Row],[ERP (T12m)]]+Table167[[#This Row],[T.Bond Rate]] -> 0.0805 | Q94: Updated normalized and ten-year yield numbers
A95: 41060 | B95: 2097 | C95: 0.0183 | E95: 108.35 | F95: 108.88 | G95: 82.17 | H95: 0.0533 | I95: 0.0503 | J95: 0.0612 | L95: 0.0616 | M95: 0.0466 | N95: 0.0554 | P95: =Table167[[#This Row],[ERP (T12m)]]+Table167[[#This Row],[T.Bond Rate]] -> 0.0795
A96: 41090 | B96: 2099 | C96: 0.0147 | E96: 111.06 | F96: 110.61 | G96: 82.17 | H96: 0.0515 | I96: 0.0508 | J96: 0.0627 | L96: 0.063 | M96: 0.0468 | N96: 0.0568 | P96: =Table167[[#This Row],[ERP (T12m)]]+Table167[[#This Row],[T.Bond Rate]] -> 0.0774 | Q96: Updated cash flow
A97: 41121 | B97: 2174 | C97: 0.0145 | E97: 111.06 | F97: 110.61 | G97: 82.17 | H97: 0.0514 | I97: 0.0492 | J97: 0.0606 | L97: 0.0608 | M97: 0.0452 | N97: 0.0549 | P97: =Table167[[#This Row],[ERP (T12m)]]+Table167[[#This Row],[T.Bond Rate]] -> 0.0751
A98: 41152 | B98: 2171 | C98: 0.0159 | E98: 111.06 | F98: 110.61 | G98: 82.17 | H98: 0.0521 | I98: 0.0486 | J98: 0.0606 | L98: 0.0608 | M98: 0.0452 | N98: 0.0556 | P98: =Table167[[#This Row],[ERP (T12m)]]+Table167[[#This Row],[T.Bond Rate]] -> 0.0765
A99: 41182 | B99: 2168 | C99: 0.016 | E99: 112.42 | F99: 114.73 | G99: 82.17 | H99: 0.0521 | I99: 0.0491 | J99: 0.0616 | L99: 0.0629 | M99: 0.0452 | N99: 0.0564 | P99: =Table167[[#This Row],[ERP (T12m)]]+Table167[[#This Row],[T.Bond Rate]] -> 0.0776 | Q99: Updated cash flow
A100: 41213 | B100: 2126 | C100: 0.0184 | E100: 112.42 | F100: 114.73 | G100: 82.17 | H100: 0.0532 | I100: 0.0489 | J100: 0.0626 | L100: 0.0639 | M100: 0.046 | N100: 0.0579 | P100: =Table167[[#This Row],[ERP (T12m)]]+Table167[[#This Row],[T.Bond Rate]] -> 0.081
A101: 41243 | B101: 2199 | C101: 0.0239 | E101: 112.42 | F101: 114.73 | G101: 82.17 | H101: 0.0562 | I101: 0.045 | J101: 0.0602 | L101: 0.0614 | M101: 0.0442 | N101: 0.0552 | P101: =Table167[[#This Row],[ERP (T12m)]]+Table167[[#This Row],[T.Bond Rate]] -> 0.0841
A102: 41274 | B102: 2239 | C102: 0.0245 | E102: 117.78 | F102: 108.67 | G102: 85.67 | H102: 0.0554 | I102: 0.045 | J102: 0.0569 | L102: 0.0616 | M102: 0.045 | N102: 0.051 | P102: =Table167[[#This Row],[ERP (T12m)]]+Table167[[#This Row],[T.Bond Rate]] -> 0.0814 | Q102: Updated cash flow, growth
A103: 41305 | B103: 2279 | C103: 0.0247 | E103: 117.78 | F103: 108.67 | G103: 85.67 | H103: 0.0555 | I103: 0.0441 | J103: 0.0559 | L103: 0.0605 | M103: 0.0442 | N103: 0.051 | P103: =Table167[[#This Row],[ERP (T12m)]]+Table167[[#This Row],[T.Bond Rate]] -> 0.0806
A104: 41333 | B104: 2364 | C104: 0.0239 | E104: 117.78 | F104: 108.67 | G104: 85.67 | H104: 0.0551 | I104: 0.0429 | J104: 0.0539 | L104: 0.0584 | M104: 0.0426 | N104: 0.0493 | P104: =Table167[[#This Row],[ERP (T12m)]]+Table167[[#This Row],[T.Bond Rate]] -> 0.0778
A105: 41364 | B105: 2363 | C105: 0.0239 | E105: 124.27 | F105: 108.43 | G105: 86.97 | H105: 0.0551 | I105: 0.0451 | J105: 0.0538 | L105: 0.0616 | M105: 0.0433 | N105: 0.049 | P105: =Table167[[#This Row],[ERP (T12m)]]+Table167[[#This Row],[T.Bond Rate]] -> 0.0777 | Q105: Updated cash flow, growth
A106: 41394 | B106: 2384 | C106: 0.023 | E106: 124.27 | F106: 108.43 | G106: 86.97 | H106: 0.0546 | I106: 0.0451 | J106: 0.0534 | L106: 0.0611 | M106: 0.043 | N106: 0.0487 | P106: =Table167[[#This Row],[ERP (T12m)]]+Table167[[#This Row],[T.Bond Rate]] -> 0.0764
A107: 41425 | B107: 2412 | C107: 0.0221 | E107: 124.27 | F107: 108.43 | G107: 86.97 | H107: 0.0542 | I107: 0.0449 | J107: 0.0529 | L107: 0.0605 | M107: 0.0425 | N107: 0.0484 | P107: =Table167[[#This Row],[ERP (T12m)]]+Table167[[#This Row],[T.Bond Rate]] -> 0.075
A108: 41455 | B108: 2423 | C108: 0.023 | E108: 127.46 | F108: 105.68 | G108: 86.97 | H108: 0.0546 | I108: 0.0462 | J108: 0.0513 | L108: 0.0617 | M108: 0.0423 | N108: 0.0468 | P108: =Table167[[#This Row],[ERP (T12m)]]+Table167[[#This Row],[T.Bond Rate]] -> 0.0743 | Q108: Updated cash flow, growth
A109: 41486 | B109: 2470 | C109: 0.023 | E109: 127.46 | F109: 105.68 | G109: 86.97 | H109: 0.0546 | I109: 0.0454 | J109: 0.0503 | L109: 0.0605 | M109: 0.0415 | N109: 0.0469 | P109: =Table167[[#This Row],[ERP (T12m)]]+Table167[[#This Row],[T.Bond Rate]] -> 0.0733
A110: 41517 | B110: 2418 | C110: 0.0212 | E110: 127.46 | F110: 105.68 | G110: 86.97 | H110: 0.0537 | I110: 0.046 | J110: 0.0504 | L110: 0.0606 | M110: 0.0416 | N110: 0.0462 | P110: =Table167[[#This Row],[ERP (T12m)]]+Table167[[#This Row],[T.Bond Rate]] -> 0.0716
...

Sheet Historical ERP
A1: Year | B1: S&P 500 (includes dividends) | C1: 3-month T.Bill | D1: US T. Bond (10-year) | E1: S&P 500 (includes dividends)3 | F1: US Small cap (bottom decile) Cum Value | G1: 3-month T.Bill4 | H1: US T. Bond5 | I1: Stocks - Bills | J1: Stocks - Bonds | K1: Hisotircal ERP
A2: 1928 | B2: 0.43811155 | C2: 0.0308 | D2: 0.0083547086 | E2: 143.81116 | F2: 159.91 | G2: 103.08 | H2: 100.83547 | I2: 0.40731155 | J2: 0.42975684
A3: 1929 | B3: -0.082979466 | C3: 0.0316 | D3: 0.042038042 | E3: 131.87778 | F3: 85.375949 | G3: 106.33733 | H3: 105.0744 | I3: -0.11457947 | J3: -0.12501751
A4: 1930 | B4: -0.25123636 | C4: 0.0455 | D4: 0.045409314 | E4: 98.745288 | F4: 42.662362 | G4: 111.17568 | H4: 109.84575 | I4: -0.29673636 | J4: -0.29664568
A5: 1931 | B5: -0.43837549 | C5: 0.0231 | D5: -0.02558856 | E5: 55.457774 | F5: 23.609351 | G5: 113.74383 | H5: 107.03496 | I5: -0.46147549 | J5: -0.41278693
A6: 1932 | B6: -0.086423645 | C6: 0.0107 | D6: 0.08790307 | E6: 50.664911 | F6: 28.446907 | G6: 114.96089 | H6: 116.44366 | I6: -0.097123645 | J6: -0.17432672
A7: 1933 | B7: 0.49982225 | C7: 0.0096 | D7: 0.018552721 | E7: 75.988361 | F7: 70.645049 | G7: 116.06452 | H7: 118.60401 | I7: 0.49022225 | J7: 0.48126953
A8: 1934 | B8: -0.011885657 | C8: 0.0027833333 | D8: 0.079634426 | E8: 75.085189 | F8: 84.781123 | G8: 116.38756 | H8: 128.04897 | I8: -0.01466899 | J8: -0.091520083
A9: 1935 | B9: 0.46740421 | C9: 0.001675 | D9: 0.044720477 | E9: 110.18032 | F9: 129.86772 | G9: 116.58251 | H9: 133.77538 | I9: 0.46572921 | J9: 0.42268373
A10: 1936 | B10: 0.3194341 | C10: 0.001725 | D10: 0.050178754 | E10: 145.37568 | F10: 250.41095 | G10: 116.78362 | H10: 140.48806 | I10: 0.3177091 | J10: 0.26925535
A11: 1937 | B11: -0.35336729 | C11: 0.0027583333 | D11: 0.013791461 | E11: 94.004668 | F11: 116.99199 | G11: 117.10575 | H11: 142.4256 | I11: -0.35612562 | J11: -0.36715875
A12: 1938 | B12: 0.29282654 | C12: 0.00065 | D12: 0.042132485 | E12: 121.53173 | F12: 118.86387 | G12: 117.18187 | H12: 148.42634 | I12: 0.29217654 | J12: 0.25069405
A13: 1939 | B13: -0.010975647 | C13: 0.00045833333 | D13: 0.044122614 | E13: 120.19784 | F13: 112.05297 | G13: 117.23557 | H13: 154.9753 | I13: -0.01143398 | J13: -0.055098261
... A33: 1959 | B33: 0.12056457 | C33: 0.033860159 | D33: -0.026466313 | E33: 1608.9516 | F33: 4822.1565 | G33: 149.84231 | H33: 214.55509 | I33: 0.086704412 | J33: 0.14703088
A34: 1960 | B34: 0.0033653531 | C34: 0.028729719 | D34: 0.11639504 | E34: 1614.3663 | F34: 4653.8633 | G34: 154.14724 | H34: 239.52824 | I34: -0.025364366 | J34: -0.11302968 | K34: 0.061119788
A35: 1961 | B35: 0.26637713 | C35: 0.0235249 | D35: 0.020609208 | E35: 2044.3966 | F35: 6042.1107 | G35: 157.77354 | H35: 244.46473 | I35: 0.24285223 | J35: 0.24576792 | K35: 0.066173592
A36: 1962 | B36: -0.088114605 | C36: 0.027723695 | D36: 0.056935441 | E36: 1864.2554 | F36: 5452.4007 | G36: 162.1476 | H36: 258.38343 | I36: -0.1158383 | J36: -0.14505005 | K36: 0.059683465
A37: 1963 | B37: 0.22611927 | C37: 0.031560241 | D37: 0.016841621 | E37: 2285.7995 | F37: 6539.0641 | G37: 167.26502 | H37: 262.73503 | I37: 0.19455903 | J37: 0.20927765 | K37: 0.063618994
A38: 1964 | B38: 0.16415456 | C38: 0.035457371 | D38: 0.037280649 | E38: 2661.0239 | F38: 8052.8575 | G38: 173.1958 | H38: 272.52996 | I38: 0.12869719 | J38: 0.12687391 | K38: 0.065267777
A39: 1965 | B39: 0.12399242 | C39: 0.039490763 | D39: 0.0071885509 | E39: 2990.9707 | F39: 11729.792 | G39: 180.03543 | H39: 274.48906 | I39: 0.084501662 | J39: 0.11680387 | K39: 0.066617942
A40: 1966 | B40: -0.099709542 | C40: 0.0485572 | D40: 0.029079409 | E40: 2692.7424 | F40: 10616.635 | G40: 188.77745 | H40: 282.47104 | I40: -0.14826674 | J40: -0.12878895 | K40: 0.06112372
A41: 1967 | B41: 0.23802967 | C41: 0.042934538 | D41: -0.01580621 | E41: 3333.6949 | F41: 23015.803 | G41: 196.88252 | H41: 278.00624 | I41: 0.19509513 | J41: 0.25383588 | K41: 0.065732839
A42: 1968 | B42: 0.10814863 | C42: 0.053376 | D42: 0.032746197 | E42: 3694.2294 | F42: 36986.395 | G42: 207.39133 | H42: 287.10989 | I42: 0.054772627 | J42: 0.07540243 | K42: 0.065966278
A43: 1969 | B43: -0.082413711 | C43: 0.066684677 | D43: -0.050140493 | E43: 3389.7743 | F43: 24762.392 | G43: 221.22115 | H43: 272.71406 | I43: -0.14909839 | J43: -0.032273218 | K43: 0.063333873
A44: 1970 | B44: 0.035611449 | C44: 0.06391 | D44: 0.16754737 | E44: 3510.4891 | F44: 20057.537 | G44: 235.35939 | H44: 318.40658 | I44: -0.028298551 | J44: -0.13193592 | K44: 0.058972567
A45: 1971 | B45: 0.1422115 | C45: 0.04334257 | D45: 0.097868966 | E45: 4009.721 | F45: 23365.025 | G45: 245.56047 | H45: 349.5687 | I45: 0.098868933 | J45: 0.044342537 | K45: 0.058660637
... A98: 2024 | B98: 0.24878611 | C98: 0.0497 | D98: -0.016371801 | E98: 982817.82 | F98: 4744891.6 | G98: 2360.8169 | H98: 7159.4493 | I98: 0.19908611 | J98: 0.26515791 | K98: 0.054394707

Sheet S&P 500 Monthly Data (Cap IQ)
A1: This is what I get from S&P Capital IQ, if I use the raw data from individual companies. It does not match up to what S&P itelf reports once every quarter. Use it to look for trend lines.
C2: Aggregate (in US dollars) | K2: In Index Units
A3: Trailing 12 month ending | B3: S&P 500 Index | C3: Market Cap | D3: Dividends | E3: Buybacks | F3: Stock Issues | G3: Net Income | H3: Cash Return | I3: Net Cash Return | J3: Index Units | K3: Market Cap2 | L3: Dividends3 | M3: Buybacks4 | N3: Stock Issues5 | O3: Net Income6 | P3: Cash Return7 | Q3: Net Cash Return8 | R3: Payout Ratio | S3: Dividend Yield | T3: Cash Return/Net Income | U3: Net Cash Return/Net Income
A4: 40755 | B4: 2103.84 | C4: 19712475 | D4: =261181+2627 -> 263808 | E4: 423600 | F4: 75426 | G4: 923972 | H4: =D4+E4 -> 687408 | I4: =D4+E4-F4 -> 611982 | J4: =B4/C4 -> 0.00010672632 | K4: =$J4*C4 -> 2103.84 | L4: =$J4*D4 -> 28.155258 | M4: =$J4*E4 -> 45.209271 | N4: =$J4*F4 -> 8.0499397 | O4: =$J4*G4 -> 98.612135 | P4: =$J4*H4 -> 73.364529 | Q4: =$J4*I4 -> 65.314589 | R4: =L4/O4 -> 0.28551515 | S4: =L4/K4 -> 0.013382794 | T4: =P4/O4 -> 0.7439706 | U4: =Q4/O4 -> 0.66233825
A5: 40816 | B5: 1920.03 | C5: 17981669 | D5: 357140 | E5: 558052 | F5: 99552 | G5: 907379 | H5: =D5+E5 -> 915192 | I5: =D5+E5-F5 -> 815640 | J5: =B5/C5 -> 0.00010677707 | K5: =$J5*C5 -> 1920.03 | L5: =$J5*D5 -> 38.134364 | M5: =$J5*E5 -> 59.58716 | N5: =$J5*F5 -> 10.629871 | O5: =$J5*G5 -> 96.887275 | P5: =$J5*H5 -> 97.721524 | Q5: =$J5*I5 -> 87.091653 | R5: =L5/O5 -> 0.39359518 | S5: =L5/K5 -> 0.019861338 | T5: =P5/O5 -> 1.0086105 | U5: =Q5/O5 -> 0.89889671
A6: 40847 | B6: 2079.36 | C6: 19353110 | D6: =243638+8431 -> 252069 | E6: 416930 | F6: 83536 | G6: 882624 | H6: =D6+E6 -> 668999 | I6: =D6+E6-F6 -> 585463 | J6: =B6/C6 -> 0.0001074432 | K6: =$J6*C6 -> 2079.36 | L6: =$J6*D6 -> 27.0831 | M6: =$J6*E6 -> 44.796293 | N6: =$J6*F6 -> 8.9753751 | O6: =$J6*G6 -> 94.831946 | P6: =$J6*H6 -> 71.879393 | Q6: =$J6*I6 -> 62.904018 | R6: =L6/O6 -> 0.28559047 | S6: =L6/K6 -> 0.013024729 | T6: =P6/O6 -> 0.75796602 | U6: =Q6/O6 -> 0.66332096
A7: 40877 | B7: 2080.41 | C7: 19361440 | D7: =364445+9295 -> 373740 | E7: 567962 | F7: 110058 | G7: 881259 | H7: =D7+E7 -> 941702 | I7: =D7+E7-F7 -> 831644 | J7: =B7/C7 -> 0.0001074512 | K7: =$J7*C7 -> 2080.41 | L7: =$J7*D7 -> 40.158812 | M7: =$J7*E7 -> 61.0282 | N7: =$J7*F7 -> 11.825864 | O7: =$J7*G7 -> 94.692339 | P7: =$J7*H7 -> 101.18701 | Q7: =$J7*I7 -> 89.361147 | R7: =L7/O7 -> 0.4240978 | S7: =L7/K7 -> 0.019303316 | T7: =P7/O7 -> 1.0685871 | U7: =Q7/O7 -> 0.94369987
A8: 40908 | B8: 2043.94 | C8: 19205383 | D8: =363367.4+10105.5 -> 373472.9 | E8: 569620 | F8: 108973 | G8: 882415 | H8: =D8+E8 -> 943092.9 | I8: =D8+E8-F8 -> 834119.9 | J8: =B8/C8 -> 0.00010642537 | K8: =$J8*C8 -> 2043.94 | L8: =$J8*D8 -> 39.746992 | M8: =$J8*E8 -> 60.62202 | N8: =$J8*F8 -> 11.597492 | O8: =$J8*G8 -> 93.911345 | P8: =$J8*H8 -> 100.36901 | Q8: =$J8*I8 -> 88.771521 | R8: =L8/O8 -> 0.42323952 | S8: =L8/K8 -> 0.019446262 | T8: =P8/O8 -> 1.0687635 | U8: =Q8/O8 -> 0.9452694
A9: 40939 | B9: 1940.24 | C9: 17972171 | D9: =267942+9991 -> 277933 | E9: 459600 | F9: 84612 | G9: 827436 | H9: =D9+E9 -> 737533 | I9: =D9+E9-F9 -> 652921 | J9: =B9/C9 -> 0.00010795802 | K9: =$J9*C9 -> 1940.24 | L9: =$J9*D9 -> 30.005097 | M9: =$J9*E9 -> 49.617507 | N9: =$J9*F9 -> 9.1345442 | O9: =$J9*G9 -> 89.328354 | P9: =$J9*H9 -> 79.622604 | Q9: =$J9*I9 -> 70.48806 | R9: =L9/O9 -> 0.33589667 | S9: =L9/K9 -> 0.015464632 | T9: =P9/O9 -> 0.89134749 | U9: =Q9/O9 -> 0.78908943
A10: 40968 | B10: 1932.23 | C10: 17910494 | D10: 345472 | E10: 552312 | F10: 86105 | G10: 842836 | H10: =D10+E10 -> 897784 | I10: =D10+E10-F10 -> 811679 | J10: =B10/C10 -> 0.00010788256 | K10: =$J10*C10 -> 1932.23 | L10: =$J10*D10 -> 37.270405 | M10: =$J10*E10 -> 59.584834 | N10: =$J10*F10 -> 9.2892281 | O10: =$J10*G10 -> 90.927308 | P10: =$J10*H10 -> 96.855239 | Q10: =$J10*I10 -> 87.566011 | R10: =L10/O10 -> 0.40989232 | S10: =L10/K10 -> 0.019288804 | T10: =P10/O10 -> 1.0651942 | U10: =Q10/O10 -> 0.96303314
A11: 40999 | B11: 2059.74 | C11: 19126110 | D11: =361900+9305 -> 371205 | E11: 578442 | F11: 101550 | G11: 845698 | H11: =D11+E11 -> 949647 | I11: =D11+E11-F11 -> 848097 | J11: =B11/C11 -> 0.00010769258 | K11: =$J11*C11 -> 2059.74 | L11: =$J11*D11 -> 39.976023 | M11: =$J11*E11 -> 62.293909 | N11: =$J11*F11 -> 10.936181 | O11: =$J11*G11 -> 91.075396 | P11: =$J11*H11 -> 102.26993 | Q11: =$J11*I11 -> 91.333751 | R11: =L11/O11 -> 0.43893328 | S11: =L11/K11 -> 0.019408286 | T11: =P11/O11 -> 1.122915 | U11: =Q11/O11 -> 1.0028367
A12: 41029 | B12: 2065.3 | C12: 19123581 | D12: =278138+8169 -> 286307 | E12: 470983 | F12: 86635 | G12: 835997 | H12: =D12+E12 -> 757290 | I12: =D12+E12-F12 -> 670655 | J12: =B12/C12 -> 0.00010799756 | K12: =$J12*C12 -> 2065.3 | L12: =$J12*D12 -> 30.920456 | M12: =$J12*E12 -> 50.865013 | N12: =$J12*F12 -> 9.3563682 | O12: =$J12*G12 -> 90.285632 | P12: =$J12*H12 -> 81.785469 | Q12: =$J12*I12 -> 72.429101 | R12: =L12/O12 -> 0.34247372 | S12: =L12/K12 -> 0.014971411 | T12: =P12/O12 -> 0.90585253 | U12: =Q12/O12 -> 0.80222178
A13: 41060 | B13: 2096.96 | C13: 19336209 | D13: =359632+11617 -> 371249 | E13: 594591 | F13: 96361 | G13: 848108 | H13: =D13+E13 -> 965840 | I13: =D13+E13-F13 -> 869479 | J13: =B13/C13 -> 0.00010844732 | K13: =$J13*C13 -> 2096.96 | L13: =$J13*D13 -> 40.260958 | M13: =$J13*E13 -> 64.481799 | N13: =$J13*F13 -> 10.450092 | O13: =$J13*G13 -> 91.975038 | P13: =$J13*H13 -> 104.74276 | Q13: =$J13*I13 -> 94.292665 | R13: =L13/O13 -> 0.43773788 | S13: =L13/K13 -> 0.019199679 | T13: =P13/O13 -> 1.1388172 | U13: =Q13/O13 -> 1.0251984
A14: 41090 | B14: 2098.96 | C14: 19075239 | D14: =359313+14394 -> 373707 | E14: 597633 | F14: 95895 | G14: 848045 | H14: =D14+E14 -> 971340 | I14: =D14+E14-F14 -> 875445 | J14: =B14/C14 -> 0.00011003584 | K14: =$J14*C14 -> 2098.96 | L14: =$J14*D14 -> 41.121165 | M14: =$J14*E14 -> 65.761051 | N14: =$J14*F14 -> 10.551887 | O14: =$J14*G14 -> 93.315346 | P14: =$J14*H14 -> 106.88222 | Q14: =$J14*I14 -> 96.330328 | R14: =L14/O14 -> 0.44066883 | S14: =L14/K14 -> 0.019591209 | T14: =P14/O14 -> 1.1453873 | U14: =Q14/O14 -> 1.0323096
A15: 41152 | B15: 2170.95 | C15: 19933639 | D15: =369218+12150 -> 381368 | E15: 593239.9 | F15: 85132 | G15: 843244 | H15: =D15+E15 -> 974607.9 | I15: =D15+E15-F15 -> 889475.9 | J15: =B15/C15 -> 0.00010890887 | K15: =$J15*C15 -> 2170.95 | L15: =$J15*D15 -> 41.534356 | M15: =$J15*E15 -> 64.609084 | N15: =$J15*F15 -> 9.2716295 | O15: =$J15*G15 -> 91.836747 | P15: =$J15*H15 -> 106.14344 | Q15: =$J15*I15 -> 96.871811 | R15: =L15/O15 -> 0.45226293 | S15: =L15/K15 -> 0.019131881 | T15: =P15/O15 -> 1.155784 | U15: =Q15/O15 -> 1.0548262
A16: 41182 | B16: 2168.27 | C16: 19917170 | D16: 367339 | E16: 588442 | F16: 89369 | G16: 847378 | H16: =D16+E16 -> 955781 | I16: =D16+E16-F16 -> 866412 | J16: =B16/C16 -> 0.00010886436 | K16: =$J16*C16 -> 2168.27 | L16: =$J16*D16 -> 39.990126 | M16: =$J16*E16 -> 64.060363 | N16: =$J16*F16 -> 9.7290991 | O16: =$J16*G16 -> 92.249265 | P16: =$J16*H16 -> 104.05049 | Q16: =$J16*I16 -> 94.321389 | R16: =L16/O16 -> 0.43350075 | S16: =L16/K16 -> 0.018443333 | T16: =P16/O16 -> 1.1279276 | U16: =Q16/O16 -> 1.0224622
A17: 41213 | B17: 2126.41 | C17: 19516057 | D17: 277522 | E17: 451147 | F17: 78524 | G17: 846267 | H17: =D17+E17 -> 728669 | I17: =D17+E17-F17 -> 650145 | J17: =B17/C17 -> 0.00010895695 | K17: =$J17*C17 -> 2126.41 | L17: =$J17*D17 -> 30.23795 | M17: =$J17*E17 -> 49.1556 | N17: =$J17*F17 -> 8.5557354 | O17: =$J17*G17 -> 92.206669 | P17: =$J17*H17 -> 79.39355 | Q17: =$J17*I17 -> 70.837815 | R17: =L17/O17 -> 0.32793669 | S17: =L17/K17 -> 0.014220188 | T17: =P17/O17 -> 0.86103913 | U17: =Q17/O17 -> 0.76825045
A18: 41243 | B18: 2198.81 | C18: 20107276 | D18: =360726.5+8696 -> 369422.5 | E18: 554869.3 | F18: 86206 | G18: 872851 | H18: =D18+E18 -> 924291.8 | I18: =D18+E18-F18 -> 838085.8 | J18: =B18/C18 -> 0.00010935395 | K18: =$J18*C18 -> 2198.81 | L18: =$J18*D18 -> 40.397809 | M18: =$J18*E18 -> 60.677148 | N18: =$J18*F18 -> 9.4269664 | O18: =$J18*G18 -> 95.449702 | P18: =$J18*H18 -> 101.07496 | Q18: =$J18*I18 -> 91.64799 | R18: =L18/O18 -> 0.42323661 | S18: =L18/K18 -> 0.018372578 | T18: =P18/O18 -> 1.0589342 | U18: =Q18/O18 -> 0.96017052
A19: 41274 | B19: 2238.83 | C19: 20443577 | D19: =359942+9238 -> 369180 | E19: 543217 | F19: 85882 | G19: 872102 | H19: =D19+E19 -> 912397 | I19: =D19+E19-F19 -> 826515 | J19: =B19/C19 -> 0.00010951264 | K19: =$J19*C19 -> 2238.83 | L19: =$J19*D19 -> 40.429876 | M19: =$J19*E19 -> 59.489127 | N19: =$J19*F19 -> 9.4051644 | O19: =$J19*G19 -> 95.50619 | P19: =$J19*H19 -> 99.919002 | Q19: =$J19*I19 -> 90.513838 | R19: =L19/O19 -> 0.42332204 | S19: =L19/K19 -> 0.018058484 | T19: =P19/O19 -> 1.0462045 | U19: =Q19/O19 -> 0.94772744
A20: 41305 | B20: 2278.87 | C20: 20818728 | D20: =247097+5399 -> 252496 | E20: 372491 | F20: 87186 | G20: 906789 | H20: =D20+E20 -> 624987 | I20: =D20+E20-F20 -> 537801 | J20: =B20/C20 -> 0.0001094625 | K20: =$J20*C20 -> 2278.87 | L20: =$J20*D20 -> 27.638843 | M20: =$J20*E20 -> 40.773795 | N20: =$J20*F20 -> 9.5435973 | O20: =$J20*G20 -> 99.259389 | P20: =$J20*H20 -> 68.412638 | Q20: =$J20*I20 -> 58.869041 | R20: =L20/O20 -> 0.27845066 | S20: =L20/K20 -> 0.01212831 | T20: =P20/O20 -> 0.6892309 | U20: =Q20/O20 -> 0.59308285
A21: 41333 | I21: =D21+E21-F21 -> 0
A22: 41364 | B22: 2362.72 | C22: 21572562 | D22: =363825.1+10190 -> 374015.1 | E22: 537011 | F22: 89251 | G22: 926091 | H22: =D22+E22 -> 911026.1 | I22: =D22+E22-F22 -> 821775.1 | J22: =B22/C22 -> 0.00010952431 | K22: =$J22*C22 -> 2362.72 | L22: =$J22*D22 -> 40.963746 | M22: =$J22*E22 -> 58.815759 | N22: =$J22*F22 -> 9.7751542 | O22: =$J22*G22 -> 101.42948 | P22: =$J22*H22 -> 99.779505 | Q22: =$J22*I22 -> 90.004351 | R22: =L22/O22 -> 0.40386431 | S22: =L22/K22 -> 0.017337537 | T22: =P22/O22 -> 0.98373281 | U22: =Q22/O22 -> 0.88735891
A23: 41394 | I23: =D23+E23-F23 -> 0
A24: 41425 | B24: 2430.06 | C24: 22209214 | D24: 364899.1 | E24: 508712 | F24: 85032 | G24: 955904 | H24: =D24+E24 -> 873611.1 | I24: =D24+E24-F24 -> 788579.1 | J24: =B24/C24 -> 0.00010941675 | K24: =$J24*C24 -> 2430.06 | L24: =$J24*D24 -> 39.926073 | M24: =$J24*E24 -> 55.661613 | N24: =$J24*F24 -> 9.303925 | O24: =$J24*G24 -> 104.59191 | P24: =$J24*H24 -> 95.587687 | Q24: =$J24*I24 -> 86.283762 | R24: =L24/O24 -> 0.38173195 | S24: =L24/K24 -> 0.016430077 | T24: =P24/O24 -> 0.91391092 | U24: =Q24/O24 -> 0.82495638
A25: 41455 | B25: 2423.41 | C25: 22121324 | D25: =362613+3282 -> 365895 | E25: 509083 | F25: 85031 | G25: 963795 | H25: =D25+E25 -> 874978 | I25: =D25+E25-F25 -> 789947 | J25: =B25/C25 -> 0.00010955086 | K25: =$J25*C25 -> 2423.41 | L25: =$J25*D25 -> 40.084111 | M25: =$J25*E25 -> 55.770479 | N25: =$J25*F25 -> 9.315219 | O25: =$J25*G25 -> 105.58457 | P25: =$J25*H25 -> 95.854591 | Q25: =$J25*I25 -> 86.539372 | R25: =L25/O25 -> 0.37963986 | S25: =L25/K25 -> 0.016540375 | T25: =P25/O25 -> 0.90784659 | U25: =Q25/O25 -> 0.81962139
A26: 41486 | B26: 2470.3 | C26: 22519701 | D26: 289134 | E26: 411244 | F26: 66289 | G26: 989342 | H26: =D26+E26 -> 700378 | I26: =D26+E26-F26 -> 634089 | J26: =B26/C26 -> 0.00010969506 | K26: =$J26*C26 -> 2470.3 | L26: =$J26*D26 -> 31.716572 | M26: =$J26*E26 -> 45.111436 | N26: =$J26*F26 -> 7.2715759 | O26: =$J26*G26 -> 108.52593 | P26: =$J26*H26 -> 76.828008 | Q26: =$J26*I26 -> 69.556432 | R26: =L26/O26 -> 0.29224879 | S26: =L26/K26 -> 0.012839158 | T26: =P26/O26 -> 0.70792304 | U26: =Q26/O26 -> 0.64091992
A27: 41517 | B27: 2417.65 | C27: 22448307 | D27: 371495 | E27: 507930 | F27: 81741 | G27: 987268 | H27: =D27+E27 -> 879425 | I27: =D27+E27-F27 -> 797684 | J27: =B27/C27 -> 0.00010769855 | K27: =$J27*C27 -> 2417.65 | L27: =$J27*D27 -> 40.009472 | M27: =$J27*E27 -> 54.703323 | N27: =$J27*F27 -> 8.8033869 | O27: =$J27*G27 -> 106.32733 | P27: =$J27*H27 -> 94.712795 | Q27: =$J27*I27 -> 85.909408 | R27: =L27/O27 -> 0.37628587 | S27: =L27/K27 -> 0.01654891 | T27: =P27/O27 -> 0.89076624 | U27: =Q27/O27 -> 0.80797109
A28: 41547 | B28: 2519.36 | C28: 22902823 | D28: =370671+3729 -> 374400 | E28: 501871 | F28: 82365 | G28: 989591 | H28: =D28+E28 -> 876271 | I28: =D28+E28-F28 -> 793906 | J28: =B28/C28 -> 0.00011000216 | K28: =$J28*C28 -> 2519.36 | L28: =$J28*D28 -> 41.184809 | M28: =$J28*E28 -> 55.206894 | N28: =$J28*F28 -> 9.0603279 | O28: =$J28*G28 -> 108.85715 | P28: =$J28*H28 -> 96.391703 | Q28: =$J28*I28 -> 87.331375 | R28: =L28/O28 -> 0.37833812 | S28: =L28/K28 -> 0.01634733 | T28: =P28/O28 -> 0.88548805 | U28: =Q28/O28 -> 0.80225669
A29: 41578 | B29: 2575.26 | C29: 23369534 | D29: =285171+5528 -> 290699 | E29: 418418 | F29: 76878 | G29: 982449.5 | H29: =D29+E29 -> 709117 | I29: =D29+E29-F29 -> 632239 | J29: =B29/C29 -> 0.00011019732 | K29: =$J29*C29 -> 2575.26 | L29: =$J29*D29 -> 32.03425 | M29: =$J29*E29 -> 46.108541 | N29: =$J29*F29 -> 8.4717493 | O29: =$J29*G29 -> 108.2633 | P29: =$J29*H29 -> 78.142791 | Q29: =$J29*I29 -> 69.671041 | R29: =L29/O29 -> 0.29589205 | S29: =L29/K29 -> 0.012439229 | T29: =P29/O29 -> 0.72178468 | U29: =Q29/O29 -> 0.64353333
A30: 41608 | B30: 2647.58 | C30: 24029080 | D30: 374193.3 | E30: 523718 | F30: 87041 | G30: 988610 | H30: =D30+E30 -> 897911.3 | I30: =D30+E30-F30 -> 810870.3 | J30: =B30/C30 -> 0.00011018233 | K30: =$J30*C30 -> 2647.58 | L30: =$J30*D30 -> 41.229489 | M30: =$J30*E30 -> 57.704469 | N30: =$J30*F30 -> 9.5903801 | O30: =$J30*G30 -> 108.92735 | P30: =$J30*H30 -> 98.933958 | Q30: =$J30*I30 -> 89.343578 | R30: =L30/O30 -> 0.37850447 | S30: =L30/K30 -> 0.015572519 | T30: =P30/O30 -> 0.90825634 | U30: =Q30/O30 -> 0.82021252
A31: 41639 | B31: 2673.61 | C31: 24376167 | D31: 373252.7 | E31: 520226.1 | F31: 87910.6 | G31: 992869 | H31: =D31+E31 -> 893478.8 | I31: =D31+E31-F31 -> 805568.2 | J31: =B31/C31 -> 0.00010968131 | K31: =$J31*C31 -> 2673.61 | L31: =$J31*D31 -> 40.938847 | M31: =$J31*E31 -> 57.059082 | N31: =$J31*F31 -> 9.6421501 | O31: =$J31*G31 -> 108.89918 | P31: =$J31*H31 -> 97.997929 | Q31: =$J31*I31 -> 88.355779 | R31: =L31/O31 -> 0.37593348 | S31: =L31/K31 -> 0.015312198 | T31: =P31/O31 -> 0.89989596 | U31: =Q31/O31 -> 0.81135397
A32: 41670 | B32: 2823.81 | C32: 25604674 | D32: =298624+5529 -> 304153 | E32: 383309 | F32: 72068 | G32: 918296 | H32: =D32+E32 -> 687462 | I32: =D32+E32-F32 -> 615394 | J32: =B32/C32 -> 0.00011028494 | K32: =$J32*C32 -> 2823.81 | L32: =$J32*D32 -> 33.543496 | M32: =$J32*E32 -> 42.273211 | N32: =$J32*F32 -> 7.9480153 | O32: =$J32*G32 -> 101.27422 | P32: =$J32*H32 -> 75.816707 | Q32: =$J32*I32 -> 67.868692 | R32: =L32/O32 -> 0.33121455 | S32: =L32/K32 -> 0.011878808 | T32: =P32/O32 -> 0.74862789 | U32: =Q32/O32 -> 0.67014775
A33: 41698 | B33: 2713.83 | C33: 24543964 | D33: =329469.6+5103.5 -> 334573.1 | E33: 456528 | F33: 80725 | G33: 1005336 | H33: =D33+E33 -> 791101.1 | I33: =D33+E33-F33 -> 710376.1 | J33: =B33/C33 -> 0.00011057016 | K33: =$J33*C33 -> 2713.83 | L33: =$J33*D33 -> 36.9938 | M33: =$J33*E33 -> 50.478372 | N33: =$J33*F33 -> 8.9257759 | O33: =$J33*G33 -> 111.16016 | P33: =$J33*H33 -> 87.472173 | Q33: =$J33*I33 -> 78.546397 | R33: =L33/O33 -> 0.33279729 | S33: =L33/K33 -> 0.013631583 | T33: =P33/O33 -> 0.78690219 | U33: =Q33/O33 -> 0.70660565
A34: 41729 | B34: 2640.87 | C34: 23909564 | D34: =383383.3+5306.4 -> 388689.7 | E34: 521958 | F34: 85184 | G34: 1012082 | H34: =D34+E34 -> 910647.7 | I34: =D34+E34-F34 -> 825463.7 | J34: =B34/C34 -> 0.00011045245 | K34: =$J34*C34 -> 2640.87 | L34: =$J34*D34 -> 42.931731 | M34: =$J34*E34 -> 57.651542 | N34: =$J34*F34 -> 9.4087818 | O34: =$J34*G34 -> 111.78694 | P34: =$J34*H34 -> 100.58327 | Q34: =$J34*I34 -> 91.174491 | R34: =L34/O34 -> 0.38404961 | S34: =L34/K34 -> 0.016256662 | T34: =P34/O34 -> 0.8997766 | U34: =Q34/O34 -> 0.81560951
A35: 41759 | B35: 2648.05 | C35: 23974382 | D35: =300590.7+4390.6 -> 304981.3 | E35: 428172.4 | F35: 73158 | G35: 1054625.8 | H35: =D35+E35 -> 733153.7 | I35: =D35+E35-F35 -> 659995.7 | J35: =B35/C35 -> 0.00011045331 | K35: =$J35*C35 -> 2648.05 | L35: =$J35*D35 -> 33.686196 | M35: =$J35*E35 -> 47.293061 | N35: =$J35*F35 -> 8.0805436 | O35: =$J35*G35 -> 116.48692 | P35: =$J35*H35 -> 80.979257 | Q35: =$J35*I35 -> 72.898713 | R35: =L35/O35 -> 0.28918437 | S35: =L35/K35 -> 0.012721133 | T35: =P35/O35 -> 0.69517899 | U35: =Q35/O35 -> 0.62581031
A36: 41790 | B36: 2705.27 | C36: 24386059 | D36: =395039.2+2809.3 -> 397848.5 | E36: 570702.5 | F36: 81516.4 | G36: 1055383.8 | H36: =D36+E36 -> 968551 | I36: =D36+E36-F36 -> 887034.6 | J36: =B36/C36 -> 0.00011093511 | K36: =$J36*C36 -> 2705.27 | L36: =$J36*D36 -> 44.135366 | M36: =$J36*E36 -> 63.310942 | N36: =$J36*F36 -> 9.0430305 | O36: =$J36*G36 -> 117.07911 | P36: =$J36*H36 -> 107.44631 | Q36: =$J36*I36 -> 98.403278 | R36: =L36/O36 -> 0.37697044 | S36: =L36/K36 -> 0.016314588 | T36: =P36/O36 -> 0.91772396 | U36: =Q36/O36 -> 0.84048533
A37: 41820 | B37: 2718.37 | C37: 24481041 | D37: 396328.9 | E37: 579623.9 | F37: 81266.5 | G37: 1064656.8 | H37: =D37+E37 -> 975952.8 | I37: =D37+E37-F37 -> 894686.3 | J37: =B37/C37 -> 0.0001110398 | K37: =$J37*C37 -> 2718.37 | L37: =$J37*D37 -> 44.008283 | M37: =$J37*E37 -> 64.361324 | N37: =$J37*F37 -> 9.0238162 | O37: =$J37*G37 -> 118.21928 | P37: =$J37*H37 -> 108.36961 | Q37: =$J37*I37 -> 99.345791 | R37: =L37/O37 -> 0.37225977 | S37: =L37/K37 -> 0.016189217 | T37: =P37/O37 -> 0.91668301 | U37: =Q37/O37 -> 0.84035184
A38: 41851 | B38: 2816.29 | C38: 25354326 | D38: 310655.8 | E38: 547112.6 | F38: 68316.3 | G38: 1116871.5 | H38: =D38+E38 -> 857768.4 | I38: =D38+E38-F38 -> 789452.1 | J38: =B38/C38 -> 0.00011107729 | K38: =$J38*C38 -> 2816.29 | L38: =$J38*D38 -> 34.506806 | M38: =$J38*E38 -> 60.771788 | N38: =$J38*F38 -> 7.5883898 | O38: =$J38*G38 -> 124.05906 | P38: =$J38*H38 -> 95.278593 | Q38: =$J38*I38 -> 87.690204 | R38: =L38/O38 -> 0.2781482 | S38: =L38/K38 -> 0.012252576 | T38: =P38/O38 -> 0.76800993 | U38: =Q38/O38 -> 0.70684237
A39: 41882 | B39: 2901.52 | C39: 26029576 | D39: 394563 | E39: 649949.2 | F39: 80481.8 | G39: 1123218.2 | H39: =D39+E39 -> 1044512.2 | I39: =D39+E39-F39 -> 964030.4 | J39: =B39/C39 -> 0.00011147012 | K39: =$J39*C39 -> 2901.52 | L39: =$J39*D39 -> 43.981985 | M39: =$J39*E39 -> 72.449916 | N39: =$J39*F39 -> 8.971316 | O39: =$J39*G39 -> 125.20527 | P39: =$J39*H39 -> 116.4319 | Q39: =$J39*I39 -> 107.46059 | R39: =L39/O39 -> 0.35127903 | S39: =L39/K39 -> 0.015158257 | T39: =P39/O39 -> 0.92992813 | U39: =Q39/O39 -> 0.85827527
A40: 41912 | B40: 2913.98 | C40: 26107043 | D40: =394437+7041 -> 401478 | E40: 665829.2 | F40: 76770.3 | G40: 1128412.9 | H40: =D40+E40 -> 1067307.2 | I40: =D40+E40-F40 -> 990536.9 | J40: =B40/C40 -> 0.00011161663 | K40: =$J40*C40 -> 2913.98 | L40: =$J40*D40 -> 44.81162 | M40: =$J40*E40 -> 74.317609 | N40: =$J40*F40 -> 8.5688418 | O40: =$J40*G40 -> 125.94964 | P40: =$J40*H40 -> 119.12923 | Q40: =$J40*I40 -> 110.56039 | R40: =L40/O40 -> 0.35578998 | S40: =L40/K40 -> 0.015378149 | T40: =P40/O40 -> 0.9458481 | U40: =Q40/O40 -> 0.87781423
A41: 41943 | I41: =D41+E41-F41 -> 0
A42: 41973 | B42: 2760.17 | C42: 24676331 | D42: =401003+3573 -> 404576 | E42: 734207.7 | F42: 72862.8 | G42: 1199189.8 | H42: =D42+E42 -> 1138783.7 | I42: =D42+E42-F42 -> 1065920.9 | J42: =B42/C42 -> 0.00011185496 | K42: =$J42*C42 -> 2760.17 | L42: =$J42*D42 -> 45.253833 | M42: =$J42*E42 -> 82.124774 | N42: =$J42*F42 -> 8.1500657 | O42: =$J42*G42 -> 134.13533 | P42: =$J42*H42 -> 127.37861 | Q42: =$J42*I42 -> 119.22854 | R42: =L42/O42 -> 0.33737445 | S42: =L42/K42 -> 0.016395306 | T42: =P42/O42 -> 0.94962757 | U42: =Q42/O42 -> 0.88886755
A43: 42004 | B43: 2506.85 | C43: 22155169 | D43: =400090+3573 -> 403663 | E43: 737587.9 | F43: 71285.7 | G43: 1193827.5 | H43: =D43+E43 -> 1141250.9 | I43: =D43+E43-F43 -> 1069965.2 | J43: =B43/C43 -> 0.00011314967 | K43: =$J43*C43 -> 2506.85 | L43: =$J43*D43 -> 45.674333 | M43: =$J43*E43 -> 83.457824 | N43: =$J43*F43 -> 8.0659531 | O43: =$J43*G43 -> 135.08118 | P43: =$J43*H43 -> 129.13216 | Q43: =$J43*I43 -> 121.0662 | R43: =L43/O43 -> 0.33812506 | S43: =L43/K43 -> 0.018219811 | T43: =P43/O43 -> 0.95595963 | U43: =Q43/O43 -> 0.89624774
A44: 42035 | B44: 2704.1 | C44: 24262872 | D44: =311946+2654 -> 314600 | E44: 589695 | F44: 62900 | G44: 1256001.7 | H44: =D44+E44 -> 904295 | I44: =D44+E44-F44 -> 841395 | J44: =B44/C44 -> 0.00011145012 | K44: =$J44*C44 -> 2704.1 | L44: =$J44*D44 -> 35.062208 | M44: =$J44*E44 -> 65.721579 | N44: =$J44*F44 -> 7.0102126 | O44: =$J44*G44 -> 139.98154 | P44: =$J44*H44 -> 100.78379 | Q44: =$J44*I44 -> 93.773575 | R44: =L44/O44 -> 0.25047737 | S44: =L44/K44 -> 0.012966313 | T44: =P44/O44 -> 0.71997912 | U44: =Q44/O44 -> 0.66989957
A45: 42063 | B45: 2784.49 | C45: 24780982 | D45: =360695+2621.9 -> 363316.9 | E45: 731700 | F45: 72146 | G45: 1207380 | H45: =D45+E45 -> 1095016.9 | I45: =D45+E45-F45 -> 1022870.9 | J45: =B45/C45 -> 0.00011236399 | K45: =$J45*C45 -> 2784.49 | L45: =$J45*D45 -> 40.823735 | M45: =$J45*E45 -> 82.216729 | N45: =$J45*F45 -> 8.1066122 | O45: =$J45*G45 -> 135.66603 | P45: =$J45*H45 -> 123.04046 | Q45: =$J45*I45 -> 114.93385 | R45: =L45/O45 -> 0.30091347 | S45: =L45/K45 -> 0.014661118 | T45: =P45/O45 -> 0.90693642 | U45: =Q45/O45 -> 0.84718225
A46: 42094 | B46: 2834.41 | C46: 24914152 | D46: =412142.3+2651.2 -> 414793.5 | E46: 819315.9 | F46: 78375.6 | G46: 1191895.1 | H46: =D46+E46 -> 1234109.4 | I46: =D46+E46-F46 -> 1155733.8 | J46: =B46/C46 -> 0.00011376707 | K46: =$J46*C46 -> 2834.41 | L46: =$J46*D46 -> 47.18984 | M46: =$J46*E46 -> 93.211167 | N46: =$J46*F46 -> 8.9165622 | O46: =$J46*G46 -> 135.59841 | P46: =$J46*H46 -> 140.40101 | Q46: =$J46*I46 -> 131.48445 | R46: =L46/O46 -> 0.34801175 | S46: =L46/K46 -> 0.016648911 | T46: =P46/O46 -> 1.0354178 | U46: =Q46/O46 -> 0.96966067
A47: 42124 | I47: =D47+E47-F47 -> 0
A48: 42155 | B48: 2752.06 | C48: 24281855 | D48: 422436.2 | E48: 829320.4 | F48: 79844.5 | G48: 1221982.4 | H48: =D48+E48 -> 1251756.6 | I48: =D48+E48-F48 -> 1171912.1 | J48: =B48/C48 -> 0.00011333813 | K48: =$J48*C48 -> 2752.06 | L48: =$J48*D48 -> 47.878128 | M48: =$J48*E48 -> 93.993622 | N48: =$J48*F48 -> 9.0494262 | O48: =$J48*G48 -> 138.4972 | P48: =$J48*H48 -> 141.87175 | Q48: =$J48*I48 -> 132.82232 | R48: =L48/O48 -> 0.34569745 | S48: =L48/K48 -> 0.017397196 | T48: =P48/O48 -> 1.0243655 | U48: =Q48/O48 -> 0.95902535
A49: 42185 | B49: 2941.76 | C49: 26311128 | D49: =429928.4+1955.2 -> 431883.6 | E49: 828654.1 | F49: 80096 | G49: 1211798.4 | H49: =D49+E49 -> 1260537.7 | I49: =D49+E49-F49 -> 1180441.7 | J49: =B49/C49 -> 0.00011180668 | K49: =$J49*C49 -> 2941.76 | L49: =$J49*D49 -> 48.287474 | M49: =$J49*E49 -> 92.649068 | N49: =$J49*F49 -> 8.9552682 | O49: =$J49*G49 -> 135.48716 | P49: =$J49*H49 -> 140.93654 | Q49: =$J49*I49 -> 131.98127 | R49: =L49/O49 -> 0.35639889 | S49: =L49/K49 -> 0.016414484 | T49: =P49/O49 -> 1.0402206 | U49: =Q49/O49 -> 0.97412383
A50: 42216 | B50: 2980.38 | C50: 26085025 | D50: 350895.2 | E50: 638435.3 | F50: 68549.9 | G50: 102959.8 | H50: =D50+E50 -> 989330.5 | I50: =D50+E50-F50 -> 920780.6 | J50: =B50/C50 -> 0.00011425636 | K50: =$J50*C50 -> 2980.38 | L50: =$J50*D50 -> 40.092008 | M50: =$J50*E50 -> 72.945293 | N50: =$J50*F50 -> 7.832262 | O50: =$J50*G50 -> 11.763812 | P50: =$J50*H50 -> 113.0373 | Q50: =$J50*I50 -> 105.20504 | R50: =L50/O50 -> 3.4080797 | S50: =L50/K50 -> 0.013451979 | T50: =P50/O50 -> 9.6089008 | U50: =Q50/O50 -> 8.9431079
A51: 42247 | B51: 2926.46 | C51: 25817080 | D51: =437971.9+2920.1 -> 440892 | E51: 808533.1 | F51: 81243 | G51: 1227017.5 | H51: =D51+E51 -> 1249425.1 | I51: =D51+E51-F51 -> 1168182.1 | J51: =B51/C51 -> 0.00011335364 | K51: =$J51*C51 -> 2926.46 | L51: =$J51*D51 -> 49.976714 | M51: =$J51*E51 -> 91.650172 | N51: =$J51*F51 -> 9.20919 | O51: =$J51*G51 -> 139.0869 | P51: =$J51*H51 -> 141.62689 | Q51: =$J51*I51 -> 132.4177 | R51: =L51/O51 -> 0.35932006 | S51: =L51/K51 -> 0.017077532 | T51: =P51/O51 -> 1.0182618 | U51: =Q51/O51 -> 0.95205007
A52: 42277 | B52: 2976.74 | C52: 26164553 | D52: =437937.4+2920.1 -> 440857.5 | E52: 789135.3 | F52: 80565 | G52: 1223023.4 | H52: =D52+E52 -> 1229992.8 | I52: =D52+E52-F52 -> 1149427.8 | J52: =B52/C52 -> 0.00011376995 | K52: =$J52*C52 -> 2976.74 | L52: =$J52*D52 -> 50.156338 | M52: =$J52*E52 -> 89.779887 | N52: =$J52*F52 -> 9.1658764 | O52: =$J52*G52 -> 139.14332 | P52: =$J52*H52 -> 139.93622 | Q52: =$J52*I52 -> 130.77035 | R52: =L52/O52 -> 0.3604653 | S52: =L52/K52 -> 0.016849418 | T52: =P52/O52 -> 1.0056985 | U52: =Q52/O52 -> 0.93982486
A53: 42308 | B53: 3037.56 | C53: 26871904 | D53: =367500.6+93 -> 367593.6 | E53: 637899 | F53: 69830 | G53: 1206678.3 | H53: =D53+E53 -> 1005492.6 | I53: =D53+E53-F53 -> 935662.6 | J53: =B53/C53 -> 0.00011303851 | K53: =$J53*C53 -> 3037.56 | L53: =$J53*D53 -> 41.552233 | M53: =$J53*E53 -> 72.107153 | N53: =$J53*F53 -> 7.8934792 | O53: =$J53*G53 -> 136.40112 | P53: =$J53*H53 -> 113.65939 | Q53: =$J53*I53 -> 105.76591 | R53: =L53/O53 -> 0.30463264 | S53: =L53/K53 -> 0.013679477 | T53: =P53/O53 -> 0.83327313 | U53: =Q53/O53 -> 0.77540352
A54: 42338 | B54: 3140.98 | C54: 27667746 | D54: =452996+2201.7 -> 455197.7 | E54: 776898.4 | F54: 89052.9 | G54: 1198405.9 | H54: =D54+E54 -> 1232096.1 | I54: =D54+E54-F54 -> 1143043.2 | J54: =B54/C54 -> 0.00011352497 | K54: =$J54*C54 -> 3140.98 | L54: =$J54*D54 -> 51.676305 | M54: =$J54*E54 -> 88.197368 | N54: =$J54*F54 -> 10.109728 | O54: =$J54*G54 -> 136.04899 | P54: =$J54*H54 -> 139.87367 | Q54: =$J54*I54 -> 129.76395 | R54: =L54/O54 -> 0.379836 | S54: =L54/K54 -> 0.016452287 | T54: =P54/O54 -> 1.0281125 | U54: =Q54/O54 -> 0.95380305
A55: 42369 | B55: 3230.78 | C55: 28498065 | D55: =450252.4+2409.4 -> 452661.8 | E55: 760490.9 | F55: 87369 | G55: 1188548.6 | H55: =D55+E55 -> 1213152.7 | I55: =D55+E55-F55 -> 1125783.7 | J55: =B55/C55 -> 0.0001133684 | K55: =$J55*C55 -> 3230.78 | L55: =$J55*D55 -> 51.317543 | M55: =$J55*E55 -> 86.215636 | N55: =$J55*F55 -> 9.9048836 | O55: =$J55*G55 -> 134.74385 | P55: =$J55*H55 -> 137.53318 | Q55: =$J55*I55 -> 127.6283 | R55: =L55/O55 -> 0.38085258 | S55: =L55/K55 -> 0.015883949 | T55: =P55/O55 -> 1.020701 | U55: =Q55/O55 -> 0.94719198
A56: 42400 | B56: 3225.52 | C56: 28410712 | D56: =368259.8+1587.2 -> 369847 | E56: 554933.4 | F56: 75787.1 | G56: 1185743.6 | H56: =D56+E56 -> 924780.4 | I56: =D56+E56-F56 -> 848993.3 | J56: =B56/C56 -> 0.00011353182 | K56: =$J56*C56 -> 3225.52 | L56: =$J56*D56 -> 41.989405 | M56: =$J56*E56 -> 63.002601 | N56: =$J56*F56 -> 8.6042477 | O56: =$J56*G56 -> 134.61963 | P56: =$J56*H56 -> 104.99201 | Q56: =$J56*I56 -> 96.387758 | R56: =L56/O56 -> 0.31191145 | S56: =L56/K56 -> 0.013017871 | T56: =P56/O56 -> 0.779916 | U56: =Q56/O56 -> 0.71600074
A57: 42429
A58: 42460 | B58: 2585.49 | C58: 22763423 | D58: 455033 | E58: 722677.2 | F58: 85632 | G58: 1269722.9 | H58: =D58+E58 -> 1177710.2 | I58: =D58+E58-F58 -> 1092078.2 | J58: =B58/C58 -> 0.0001135809 | K58: =$J58*C58 -> 2585.49 | L58: =$J58*D58 -> 51.683056 | M58: =$J58*E58 -> 82.082325 | N58: =$J58*F58 -> 9.7261594 | O58: =$J58*G58 -> 144.21627 | P58: =$J58*H58 -> 133.76538 | Q58: =$J58*I58 -> 124.03922 | R58: =L58/O58 -> 0.35837189 | S58: =L58/K58 -> 0.019989656 | T58: =P58/O58 -> 0.92753324 | U58: =Q58/O58 -> 0.86009176
A59: 42490 | B59: 2912.43 | C59: 24896959 | D59: 343171.7 | E59: 470421.7 | F59: 76493 | G59: 1102832.8 | H59: =D59+E59 -> 813593.4 | I59: =D59+E59-F59 -> 737100.4 | J59: =B59/C59 -> 0.00011697935 | K59: =$J59*C59 -> 2912.43 | L59: =$J59*D59 -> 40.144002 | M59: =$J59*E59 -> 55.029624 | N59: =$J59*F59 -> 8.9481013 | O59: =$J59*G59 -> 129.00866 | P59: =$J59*H59 -> 95.173626 | Q59: =$J59*I59 -> 86.225525 | R59: =L59/O59 -> 0.31117292 | S59: =L59/K59 -> 0.01378368 | T59: =P59/O59 -> 0.73773051 | U59: =Q59/O59 -> 0.66837004
A60: 42521 | B60: 3044.31 | C60: 26818636 | D60: =449762.1+12674.1 -> 462436.2 | E60: 724601 | F60: 86011 | G60: 1060286.7 | H60: =D60+E60 -> 1187037.2 | I60: =D60+E60-F60 -> 1101026.2 | J60: =B60/C60 -> 0.00011351472 | K60: =$J60*C60 -> 3044.31 | L60: =$J60*D60 -> 52.493317 | M60: =$J60*E60 -> 82.252882 | N60: =$J60*F60 -> 9.7635149 | O60: =$J60*G60 -> 120.35815 | P60: =$J60*H60 -> 134.7462 | Q60: =$J60*I60 -> 124.98268 | R60: =L60/O60 -> 0.4361426 | S60: =L60/K60 -> 0.017243092 | T60: =P60/O60 -> 1.1195436 | U60: =Q60/O60 -> 1.0384231
A61: 42551 | B61: 3100.29 | C61: 26931714 | D61: =448522.1+12674 -> 461196.1 | E61: 719728 | F61: 85562 | G61: 1056638.9 | H61: =D61+E61 -> 1180924.1 | I61: =D61+E61-F61 -> 1095362.1 | J61: =B61/C61 -> 0.0001151167 | K61: =$J61*C61 -> 3100.29 | L61: =$J61*D61 -> 53.091373 | M61: =$J61*E61 -> 82.852712 | N61: =$J61*F61 -> 9.8496151 | O61: =$J61*G61 -> 121.63678 | P61: =$J61*H61 -> 135.94409 | Q61: =$J61*I61 -> 126.09447 | R61: =L61/O61 -> 0.43647466 | S61: =L61/K61 -> 0.017124647 | T61: =P61/O61 -> 1.1176232 | U61: =Q61/O61 -> 1.0366475
A62: 42582 | B62: 3271.12 | C62: 28860494 | D62: =378873+1298 -> 380171 | E62: 543197 | F62: 85397 | G62: 940743 | H62: =D62+E62 -> 923368 | I62: =D62+E62-F62 -> 837971 | J62: =B62/C62 -> 0.00011334248 | K62: =$J62*C62 -> 3271.12 | L62: =$J62*D62 -> 43.089525 | M62: =$J62*E62 -> 61.567296 | N62: =$J62*F62 -> 9.679108 | O62: =$J62*G62 -> 106.62615 | P62: =$J62*H62 -> 104.65682 | Q62: =$J62*I62 -> 94.977713 | R62: =L62/O62 -> 0.40411781 | S62: =L62/K62 -> 0.013172713 | T62: =P62/O62 -> 0.98153056 | U62: =Q62/O62 -> 0.89075444
A63: 42613 | B63: 3500.31 | C63: 30899291 | D63: =444783.4+21211.1 -> 465994.5 | E63: 650286 | F63: 115458 | G63: 907504 | H63: =D63+E63 -> 1116280.5 | I63: =D63+E63-F63 -> 1000822.5 | J63: =B63/C63 -> 0.00011328124 | K63: =$J63*C63 -> 3500.31 | L63: =$J63*D63 -> 52.788435 | M63: =$J63*E63 -> 73.665205 | N63: =$J63*F63 -> 13.079225 | O63: =$J63*G63 -> 102.80318 | P63: =$J63*H63 -> 126.45364 | Q63: =$J63*I63 -> 113.37441 | R63: =L63/O63 -> 0.5134903 | S63: =L63/K63 -> 0.015081074 | T63: =P63/O63 -> 1.2300557 | U63: =Q63/O63 -> 1.1028298
A64: 42643 | B64: 3363 | C64: 29732900 | D64: =442880.3+12211.1 -> 455091.4 | E64: 643534 | F64: 116013 | G64: 913938.5 | H64: =D64+E64 -> 1098625.4 | I64: =D64+E64-F64 -> 982612.4 | J64: =B64/C64 -> 0.00011310703 | K64: =$J64*C64 -> 3363 | L64: =$J64*D64 -> 51.474037 | M64: =$J64*E64 -> 72.78822 | N64: =$J64*F64 -> 13.121886 | O64: =$J64*G64 -> 103.37287 | P64: =$J64*H64 -> 124.26226 | Q64: =$J64*I64 -> 111.14037 | R64: =L64/O64 -> 0.49794532 | S64: =L64/K64 -> 0.015305988 | T64: =P64/O64 -> 1.202078 | U64: =Q64/O64 -> 1.0751406
A65: 42674 | B65: 3269.96 | C65: 29265077 | D65: =336875.8+12340 -> 349215.8 | E65: 490498 | F65: 105209 | G65: 900461.1 | H65: =D65+E65 -> 839713.8 | I65: =D65+E65-F65 -> 734504.8 | J65: =B65/C65 -> 0.00011173591 | K65: =$J65*C65 -> 3269.96 | L65: =$J65*D65 -> 39.019945 | M65: =$J65*E65 -> 54.806241 | N65: =$J65*F65 -> 11.755623 | O65: =$J65*G65 -> 100.61384 | P65: =$J65*H65 -> 93.826186 | Q65: =$J65*I65 -> 82.070563 | R65: =L65/O65 -> 0.38781886 | S65: =L65/K65 -> 0.011932851 | T65: =P65/O65 -> 0.93253756 | U65: =Q65/O65 -> 0.81569853
A66: 42704 | B66: 3261.63 | C66: 32013090 | D66: =437003+10279 -> 447282 | E66: 576066 | F66: 105946 | G66: 915128 | H66: =D66+E66 -> 1023348 | I66: =D66+E66-F66 -> 917402 | J66: =B66/C66 -> 0.00010188426 | K66: =$J66*C66 -> 3261.63 | L66: =$J66*D66 -> 45.570996 | M66: =$J66*E66 -> 58.692059 | N66: =$J66*F66 -> 10.79423 | O66: =$J66*G66 -> 93.23714 | P66: =$J66*H66 -> 104.26306 | Q66: =$J66*I66 -> 93.468825 | R66: =L66/O66 -> 0.48876441 | S66: =L66/K66 -> 0.013971847 | T66: =P66/O66 -> 1.1182567 | U66: =Q66/O66 -> 1.0024849
A67: 42735 | B67: 3756.07 | C67: 33887438 | D67: =436432+10346 -> 446778 | E67: 568974 | F67: 112818 | G67: 919808.1 | H67: =D67+E67 -> 1015752 | I67: =D67+E67-F67 -> 902934 | J67: =B67/C67 -> 0.0001108396 | K67: =$J67*C67 -> 3756.07 | L67: =$J67*D67 -> 49.520693 | M67: =$J67*E67 -> 63.064849 | N67: =$J67*F67 -> 12.504702 | O67: =$J67*G67 -> 101.95116 | P67: =$J67*H67 -> 112.58554 | Q67: =$J67*I67 -> 100.08084 | R67: =L67/O67 -> 0.48572958 | S67: =L67/K67 -> 0.013184177 | T67: =P67/O67 -> 1.1043086 | U67: =Q67/O67 -> 0.98165476
A68: 42766 | B68: 3714.24 | C68: 33505931 | D68: =376993.2+9611 -> 386604.2 | E68: 477410 | F68: 112389.1 | G68: 900092.2 | H68: =D68+E68 -> 864014.2 | I68: =D68+E68-F68 -> 751625.1 | J68: =B68/C68 -> 0.00011085321 | K68: =$J68*C68 -> 3714.24 | L68: =$J68*D68 -> 42.856317 | M68: =$J68*E68 -> 52.922431 | N68: =$J68*F68 -> 12.458693 | O68: =$J68*G68 -> 99.77811 | P68: =$J68*H68 -> 95.778748 | Q68: =$J68*I68 -> 83.320056 | R68: =L68/O68 -> 0.42951622 | S68: =L68/K68 -> 0.011538381 | T68: =P68/O68 -> 0.95991744 | U68: =Q68/O68 -> 0.83505345
A69: 42794 | B69: 3811.15 | C69: 34505936 | D69: =397071+10095 -> 407166 | E69: 487020 | F69: 112658 | G69: 886858.1 | H69: =D69+E69 -> 894186 | I69: =D69+E69-F69 -> 781528 | J69: =B69/C69 -> 0.00011044911 | K69: =$J69*C69 -> 3811.15 | L69: =$J69*D69 -> 44.971124 | M69: =$J69*E69 -> 53.790927 | N69: =$J69*F69 -> 12.442976 | O69: =$J69*G69 -> 97.952691 | P69: =$J69*H69 -> 98.762051 | Q69: =$J69*I69 -> 86.319075 | R69: =L69/O69 -> 0.45911065 | S69: =L69/K69 -> 0.011799883 | T69: =P69/O69 -> 1.0082628 | U69: =Q69/O69 -> 0.8812323
A70: 42825 | B70: 3972.93 | C70: 35870878 | D70: =442430+14569 -> 456999 | E70: 519326 | F70: 125196 | G70: 892602.5 | H70: =D70+E70 -> 976325 | I70: =D70+E70-F70 -> 851129 | J70: =B70/C70 -> 0.00011075642 | K70: =$J70*C70 -> 3972.93 | L70: =$J70*D70 -> 50.615574 | M70: =$J70*E70 -> 57.518689 | N70: =$J70*F70 -> 13.866261 | O70: =$J70*G70 -> 98.861458 | P70: =$J70*H70 -> 108.13426 | Q70: =$J70*I70 -> 94.268002 | R70: =L70/O70 -> 0.5119849 | S70: =L70/K70 -> 0.012740112 | T70: =P70/O70 -> 1.093796 | U70: =Q70/O70 -> 0.95353643
A71: 42855 | B71: 4181.17 | C71: 37813424 | D71: =375108+14569 -> 389677 | E71: 463448 | F71: 121640 | G71: 1052529.4 | H71: =D71+E71 -> 853125 | I71: =D71+E71-F71 -> 731485 | J71: =B71/C71 -> 0.00011057369 | K71: =$J71*C71 -> 4181.17 | L71: =$J71*D71 -> 43.088025 | M71: =$J71*E71 -> 51.245157 | N71: =$J71*F71 -> 13.450184 | O71: =$J71*G71 -> 116.38206 | P71: =$J71*H71 -> 94.333182 | Q71: =$J71*I71 -> 80.882998 | R71: =L71/O71 -> 0.37022909 | S71: =L71/K71 -> 0.010305255 | T71: =P71/O71 -> 0.81054743 | U71: =Q71/O71 -> 0.69497821
A72: 42886 | B72: 4204.11 | C72: 37947786 | D72: =435790+60 -> 435850 | E72: 497818 | F72: 132373 | G72: 1174952.8 | H72: =D72+E72 -> 933668 | I72: =D72+E72-F72 -> 801295 | J72: =B72/C72 -> 0.0001107867 | K72: =$J72*C72 -> 4204.11 | L72: =$J72*D72 -> 48.286383 | M72: =$J72*E72 -> 55.151613 | N72: =$J72*F72 -> 14.665168 | O72: =$J72*G72 -> 130.16914 | P72: =$J72*H72 -> 103.438 | Q72: =$J72*I72 -> 88.772829 | R72: =L72/O72 -> 0.37095107 | S72: =L72/K72 -> 0.011485519 | T72: =P72/O72 -> 0.79464298 | U72: =Q72/O72 -> 0.68198059
A73: 42916 | B73: 4297.5 | C73: 38786497 | D73: =434013+4370 -> 438383 | E73: 504850 | F73: 130873 | G73: 1188224.7 | H73: =D73+E73 -> 943233 | I73: =D73+E73-F73 -> 812360 | J73: =B73/C73 -> 0.00011079887 | K73: =$J73*C73 -> 4297.5 | L73: =$J73*D73 -> 48.572341 | M73: =$J73*E73 -> 55.936809 | N73: =$J73*F73 -> 14.50058 | O73: =$J73*G73 -> 131.65395 | P73: =$J73*H73 -> 104.50915 | Q73: =$J73*I73 -> 90.008569 | R73: =L73/O73 -> 0.36893948 | S73: =L73/K73 -> 0.011302464 | T73: =P73/O73 -> 0.79381703 | U73: =Q73/O73 -> 0.6836754
A74: 42947 | B74: 4395.3 | C74: 39694315 | D74: =348328.7+4326.2 -> 352654.9 | E74: 519961 | F74: 119703 | G74: 1353361.2 | H74: =D74+E74 -> 872615.9 | I74: =D74+E74-F74 -> 752912.9 | J74: =B74/C74 -> 0.0001107287 | K74: =$J74*C74 -> 4395.3 | L74: =$J74*D74 -> 39.049019 | M74: =$J74*E74 -> 57.574607 | N74: =$J74*F74 -> 13.254558 | O74: =$J74*G74 -> 149.85593 | P74: =$J74*H74 -> 96.623626 | Q74: =$J74*I74 -> 83.369068 | R74: =L74/O74 -> 0.26057707 | S74: =L74/K74 -> 0.0088842672 | T74: =P74/O74 -> 0.6447768 | U74: =Q74/O74 -> 0.55632813
A75: 42978 | B75: 4522.68 | C75: 40811778 | D75: =442910+4536 -> 447446 | E75: 609617 | F75: 102861 | G75: 1473653.4 | H75: =D75+E75 -> 1057063 | I75: =D75+E75-F75 -> 954202 | J75: =B75/C75 -> 0.00011081801 | K75: =$J75*C75 -> 4522.68 | L75: =$J75*D75 -> 49.585076 | M75: =$J75*E75 -> 67.556543 | N75: =$J75*F75 -> 11.398851 | O75: =$J75*G75 -> 163.30734 | P75: =$J75*H75 -> 117.14162 | Q75: =$J75*I75 -> 105.74277 | R75: =L75/O75 -> 0.30363042 | S75: =L75/K75 -> 0.010963649 | T75: =P75/O75 -> 0.71730775 | U75: =Q75/O75 -> 0.64750775
A76: 43008 | B76: 4307.54 | C76: 39359012 | D76: =440288+106 -> 440394 | E76: 614240 | F76: 102536 | G76: 1480801.1 | H76: =D76+E76 -> 1054634 | I76: =D76+E76-F76 -> 952098 | J76: =B76/C76 -> 0.00010944228 | K76: =$J76*C76 -> 4307.54 | L76: =$J76*D76 -> 48.197723 | M76: =$J76*E76 -> 67.223826 | N76: =$J76*F76 -> 11.221774 | O76: =$J76*G76 -> 162.06225 | P76: =$J76*H76 -> 115.42155 | Q76: =$J76*I76 -> 104.19978 | R76: =L76/O76 -> 0.29740253 | S76: =L76/K76 -> 0.011189153 | T76: =P76/O76 -> 0.71220504 | U76: =Q76/O76 -> 0.64296143
A77: 43039 | B77: 4605.38 | C77: 41524389 | D77: =366934+6032 -> 372966 | E77: 633002 | F77: 93012 | G77: 1593777.3 | H77: =D77+E77 -> 1005968 | I77: =D77+E77-F77 -> 912956 | J77: =B77/C77 -> 0.00011090783 | K77: =$J77*C77 -> 4605.38 | L77: =$J77*D77 -> 41.364851 | M77: =$J77*E77 -> 70.20488 | N77: =$J77*F77 -> 10.315759 | O77: =$J77*G77 -> 176.76239 | P77: =$J77*H77 -> 111.56973 | Q77: =$J77*I77 -> 101.25397 | R77: =L77/O77 -> 0.23401387 | S77: =L77/K77 -> 0.008981854 | T77: =P77/O77 -> 0.6311848 | U77: =Q77/O77 -> 0.57282533
A78: 43069 | B78: 4567 | C78: 41112147 | D78: =454273+6593 -> 460866 | E78: 741593 | F78: 99021 | G78: 1625955.6 | H78: =D78+E78 -> 1202459 | I78: =D78+E78-F78 -> 1103438 | J78: =B78/C78 -> 0.00011108639 | K78: =$J78*C78 -> 4567 | L78: =$J78*D78 -> 51.19594 | M78: =$J78*E78 -> 82.380889 | N78: =$J78*F78 -> 10.999885 | O78: =$J78*G78 -> 180.62154 | P78: =$J78*H78 -> 133.57683 | Q78: =$J78*I78 -> 122.57694 | R78: =L78/O78 -> 0.28344316 | S78: =L78/K78 -> 0.011209971 | T78: =P78/O78 -> 0.73953987 | U78: =Q78/O78 -> 0.67863969
A79: 43100 | B79: 4766 | C79: 42889442 | D79: =452331.2+6836 -> 459167.2 | E79: 740966 | F79: 95047 | G79: 1627264.1 | H79: =D79+E79 -> 1200133.2 | I79: =D79+E79-F79 -> 1105086.2 | J79: =B79/C79 -> 0.00011112292 | K79: =$J79*C79 -> 4766 | L79: =$J79*D79 -> 51.023999 | M79: =$J79*E79 -> 82.338304 | N79: =$J79*F79 -> 10.5619 | O79: =$J79*G79 -> 180.82634 | P79: =$J79*H79 -> 133.3623 | Q79: =$J79*I79 -> 122.8004 | R79: =L79/O79 -> 0.28217128 | S79: =L79/K79 -> 0.010705833 | T79: =P79/O79 -> 0.73751593 | U79: =Q79/O79 -> 0.67910685
A80: 43131 | B80: 4515.55 | C80: 40867265 | D80: =399768+5262 -> 405030 | E80: 661218 | F80: 74942 | G80: 1698530 | H80: =D80+E80 -> 1066248 | I80: =D80+E80-F80 -> 991306 | J80: =B80/C80 -> 0.00011049308 | K80: =$J80*C80 -> 4515.55 | L80: =$J80*D80 -> 44.753012 | M80: =$J80*E80 -> 73.060014 | N80: =$J80*F80 -> 8.2805724 | O80: =$J80*G80 -> 187.67581 | P80: =$J80*H80 -> 117.81303 | Q80: =$J80*I80 -> 109.53245 | R80: =L80/O80 -> 0.23845914 | S80: =L80/K80 -> 0.0099108663 | T80: =P80/O80 -> 0.62774752 | U80: =Q80/O80 -> 0.58362584
A81: 43159 | B81: 4374.94 | C81: 39299751 | D81: =436619.3+10213 -> 446832.3 | E81: 836246 | F81: 77972.1 | G81: 1830457.9 | H81: =D81+E81 -> 1283078.3 | I81: =D81+E81-F81 -> 1205106.2 | J81: =B81/C81 -> 0.00011132233 | K81: =$J81*C81 -> 4374.94 | L81: =$J81*D81 -> 49.742414 | M81: =$J81*E81 -> 93.092855 | N81: =$J81*F81 -> 8.6800361 | O81: =$J81*G81 -> 203.77084 | P81: =$J81*H81 -> 142.83527 | Q81: =$J81*I81 -> 134.15523 | R81: =L81/O81 -> 0.24410957 | S81: =L81/K81 -> 0.011369851 | T81: =P81/O81 -> 0.70096029 | U81: =Q81/O81 -> 0.65836324
A82: 43190 | B82: 4530.41 | C82: 40840362 | D82: =379695.9+4452.3 -> 384148.2 | E82: 747359 | F82: 71597.2 | G82: 1587934.1 | H82: =D82+E82 -> 1131507.2 | I82: =D82+E82-F82 -> 1059910 | J82: =B82/C82 -> 0.00011092972 | K82: =$J82*C82 -> 4530.41 | L82: =$J82*D82 -> 42.613453 | M82: =$J82*E82 -> 82.904326 | N82: =$J82*F82 -> 7.9422575 | O82: =$J82*G82 -> 176.14909 | P82: =$J82*H82 -> 125.51778 | Q82: =$J82*I82 -> 117.57552 | R82: =L82/O82 -> 0.24191697 | S82: =L82/K82 -> 0.0094060919 | T82: =P82/O82 -> 0.71256559 | U82: =Q82/O82 -> 0.66747732
A83: 43220 | B83: 4131.93 | C83: 37022151 | D83: =409140+6262 -> 415402 | E83: 776850 | F83: 72748 | G83: 1822952 | H83: =D83+E83 -> 1192252 | I83: =D83+E83-F83 -> 1119504 | J83: =B83/C83 -> 0.00011160697 | K83: =$J83*C83 -> 4131.93 | L83: =$J83*D83 -> 46.361758 | M83: =$J83*E83 -> 86.701873 | N83: =$J83*F83 -> 8.1191837 | O83: =$J83*G83 -> 203.45415 | P83: =$J83*H83 -> 133.06363 | Q83: =$J83*I83 -> 124.94445 | R83: =L83/O83 -> 0.22787325 | S83: =L83/K83 -> 0.011220364 | T83: =P83/O83 -> 0.65402271 | U83: =Q83/O83 -> 0.61411601
A84: 43251 | B84: 4132.15 | C84: 36939914 | D84: =466871.4+8945.3 -> 475816.7 | E84: 978371 | F84: 80634 | G84: 1840262.9 | H84: =D84+E84 -> 1454187.7 | I84: =D84+E84-F84 -> 1373553.7 | J84: =B84/C84 -> 0.00011186139 | K84: =$J84*C84 -> 4132.15 | L84: =$J84*D84 -> 53.225516 | M84: =$J84*E84 -> 109.44194 | N84: =$J84*F84 -> 9.0198311 | O84: =$J84*G84 -> 205.85436 | P84: =$J84*H84 -> 162.66745 | Q84: =$J84*I84 -> 153.64762 | R84: =L84/O84 -> 0.25855909 | S84: =L84/K84 -> 0.012880829 | T84: =P84/O84 -> 0.7902065 | U84: =Q84/O84 -> 0.74638993
A85: 43281 | B85: 3785.38 | C85: 34192891 | D85: =468457+8945.3 -> 477402.3 | E85: 974173 | F85: 84207 | G85: 1843240.7 | H85: =D85+E85 -> 1451575.3 | I85: =D85+E85-F85 -> 1367368.3 | J85: =B85/C85 -> 0.00011070664 | K85: =$J85*C85 -> 3785.38 | L85: =$J85*D85 -> 52.851604 | M85: =$J85*E85 -> 107.84742 | N85: =$J85*F85 -> 9.3222739 | O85: =$J85*G85 -> 204.05898 | P85: =$J85*H85 -> 160.69902 | Q85: =$J85*I85 -> 151.37675 | R85: =L85/O85 -> 0.25900161 | S85: =L85/K85 -> 0.013962034 | T85: =P85/O85 -> 0.78751261 | U85: =Q85/O85 -> 0.7418284
A86: 43312 | B86: 4130.29 | C86: 36938587 | D86: =404213.3+9299.8 -> 413513.1 | E86: 894436.8 | F86: 76057 | G86: 1836523.3 | H86: =D86+E86 -> 1307949.9 | I86: =D86+E86-F86 -> 1231892.9 | J86: =B86/C86 -> 0.00011181505 | K86: =$J86*C86 -> 4130.29 | L86: =$J86*D86 -> 46.236988 | M86: =$J86*E86 -> 100.0115 | N86: =$J86*F86 -> 8.5043174 | O86: =$J86*G86 -> 205.35095 | P86: =$J86*H86 -> 146.24849 | Q86: =$J86*I86 -> 137.74417 | R86: =L86/O86 -> 0.22516082 | S86: =L86/K86 -> 0.011194611 | T86: =P86/O86 -> 0.71218802 | U86: =Q86/O86 -> 0.67077445
A87: 43343 | B87: 3955 | C87: 35591635 | D87: =481768.8+10687.7 -> 492456.5 | E87: 1009874.6 | F87: 80773.2 | G87: 1750928.1 | H87: =D87+E87 -> 1502331.1 | I87: =D87+E87-F87 -> 1421557.9 | J87: =B87/C87 -> 0.00011112162 | K87: =$J87*C87 -> 3955 | L87: =$J87*D87 -> 54.722563 | M87: =$J87*E87 -> 112.2189 | N87: =$J87*F87 -> 8.9756486 | O87: =$J87*G87 -> 194.56596 | P87: =$J87*H87 -> 166.94146 | Q87: =$J87*I87 -> 157.96581 | R87: =L87/O87 -> 0.28125455 | S87: =L87/K87 -> 0.013836299 | T87: =P87/O87 -> 0.85801987 | U87: =Q87/O87 -> 0.81188822
A88: 43373 | B88: 3586 | C88: 32371342 | D88: =479069+10688 -> 489757 | E88: 993184 | F88: 80875 | G88: 1758258.6 | H88: =D88+E88 -> 1482941 | I88: =D88+E88-F88 -> 1402066 | J88: =B88/C88 -> 0.000110777 | K88: =$J88*C88 -> 3586 | L88: =$J88*D88 -> 54.253809 | M88: =$J88*E88 -> 110.02194 | N88: =$J88*F88 -> 8.9590895 | O88: =$J88*G88 -> 194.7746 | P88: =$J88*H88 -> 164.27575 | Q88: =$J88*I88 -> 155.31666 | R88: =L88/O88 -> 0.27854663 | S88: =L88/K88 -> 0.015129339 | T88: =P88/O88 -> 0.84341461 | U88: =Q88/O88 -> 0.7974174
A89: 43404 | B89: 3871.98 | C89: 34796731 | D89: =437885+10157 -> 448042 | E89: 913801 | F89: 76499 | G89: 1721902.5 | H89: =D89+E89 -> 1361843 | I89: =D89+E89-F89 -> 1285344 | J89: =B89/C89 -> 0.00011127425 | K89: =$J89*C89 -> 3871.98 | L89: =$J89*D89 -> 49.855536 | M89: =$J89*E89 -> 101.68252 | N89: =$J89*F89 -> 8.5123686 | O89: =$J89*G89 -> 191.6034 | P89: =$J89*H89 -> 151.53805 | Q89: =$J89*I89 -> 143.02569 | R89: =L89/O89 -> 0.26020172 | S89: =L89/K89 -> 0.01287598 | T89: =P89/O89 -> 0.79089437 | U89: =Q89/O89 -> 0.74646735
A90: 43434 | B90: 4080.11 | C90: 35336060 | D90: =491419.3+13875.9 -> 505295.2 | E90: 981786 | F90: 73415 | G90: 1695395.3 | H90: =D90+E90 -> 1487081.2 | I90: =D90+E90-F90 -> 1413666.2 | J90: =B90/C90 -> 0.0001154659 | K90: =$J90*C90 -> 4080.11 | L90: =$J90*D90 -> 58.344366 | M90: =$J90*E90 -> 113.36281 | N90: =$J90*F90 -> 8.4769292 | O90: =$J90*G90 -> 195.76035 | P90: =$J90*H90 -> 171.70717 | Q90: =$J90*I90 -> 163.23024 | R90: =L90/O90 -> 0.29803976 | S90: =L90/K90 -> 0.014299704 | T90: =P90/O90 -> 0.87712948 | U90: =Q90/O90 -> 0.8338269
A91: 43465 | B91: 3839.5 | C91: 34153222 | D91: =491365.6+13875.9 -> 505241.5 | E91: 970799 | F91: 70750 | G91: 1701259.2 | H91: =D91+E91 -> 1476040.5 | I91: =D91+E91-F91 -> 1405290.5 | J91: =B91/C91 -> 0.00011241985 | K91: =$J91*C91 -> 3839.5 | L91: =$J91*D91 -> 56.799172 | M91: =$J91*E91 -> 109.13707 | N91: =$J91*F91 -> 7.9537042 | O91: =$J91*G91 -> 191.2553 | P91: =$J91*H91 -> 165.93625 | Q91: =$J91*I91 -> 157.98254 | R91: =L91/O91 -> 0.29698091 | S91: =L91/K91 -> 0.014793377 | T91: =P91/O91 -> 0.86761647 | U91: =Q91/O91 -> 0.82602963
A92: 43496 | B92: 4076.6 | C92: 37167697 | D92: =433945.8+11000.8 -> 444946.6 | E92: 839066.4 | F92: 69880 | G92: 1664273.7 | H92: =D92+E92 -> 1284013 | I92: =D92+E92-F92 -> 1214133 | J92: =B92/C92 -> 0.00010968126 | K92: =$J92*C92 -> 4076.6 | L92: =$J92*D92 -> 48.802305 | M92: =$J92*E92 -> 92.029863 | N92: =$J92*F92 -> 7.6645267 | O92: =$J92*G92 -> 182.53964 | P92: =$J92*H92 -> 140.83217 | Q92: =$J92*I92 -> 133.16764 | R92: =L92/O92 -> 0.26735182 | S92: =L92/K92 -> 0.011971325 | T92: =P92/O92 -> 0.77151553 | U92: =Q92/O92 -> 0.72952724
A93: 43524 | B93: 3970.15 | C93: 35294731 | D93: =488855+5417 -> 494272 | E93: 887480 | F93: 68712 | G93: 1564991.3 | H93: =D93+E93 -> 1381752 | I93: =D93+E93-F93 -> 1313040 | J93: =B93/C93 -> 0.00011248563 | K93: =$J93*C93 -> 3970.15 | L93: =$J93*D93 -> 55.598497 | M93: =$J93*E93 -> 99.828746 | N93: =$J93*F93 -> 7.7291125 | O93: =$J93*G93 -> 176.03903 | P93: =$J93*H93 -> 155.42724 | Q93: =$J93*I93 -> 147.69813 | R93: =L93/O93 -> 0.31583051 | S93: =L93/K93 -> 0.01400413 | T93: =P93/O93 -> 0.88291353 | U93: =Q93/O93 -> 0.83900786
A94: 43555 | B94: 4109.31 | C94: 35953838 | D94: =508835.5+5068 -> 513903.5 | E94: 916115.3 | F94: 71396.6 | G94: 1561726.4 | H94: =D94+E94 -> 1430018.8 | I94: =D94+E94-F94 -> 1358622.2 | J94: =B94/C94 -> 0.00011429406 | K94: =$J94*C94 -> 4109.31 | L94: =$J94*D94 -> 58.736115 | M94: =$J94*E94 -> 104.70653 | N94: =$J94*F94 -> 8.160207 | O94: =$J94*G94 -> 178.49604 | P94: =$J94*H94 -> 163.44265 | Q94: =$J94*I94 -> 155.28244 | R94: =L94/O94 -> 0.32906116 | S94: =L94/K94 -> 0.014293425 | T94: =P94/O94 -> 0.91566538 | U94: =Q94/O94 -> 0.86994892
A95: 43585 | B95: 4169.48 | C95: 36981860 | D95: =409264.6+4936 -> 414200.6 | E95: 784032 | F95: 64121 | G95: 1538381.3 | H95: =D95+E95 -> 1198232.6 | I95: =D95+E95-F95 -> 1134111.6 | J95: =B95/C95 -> 0.00011274392 | K95: =$J95*C95 -> 4169.48 | L95: =$J95*D95 -> 46.698601 | M95: =$J95*E95 -> 88.394845 | N95: =$J95*F95 -> 7.2292532 | O95: =$J95*G95 -> 173.44315 | P95: =$J95*H95 -> 135.09345 | Q95: =$J95*I95 -> 127.86419 | R95: =L95/O95 -> 0.26924443 | S95: =L95/K95 -> 0.011200102 | T95: =P95/O95 -> 0.77889181 | U95: =Q95/O95 -> 0.73721099
A96: 43616 | B96: 4179.83 | C96: 37084749 | D96: 516597.2 | E96: 859684.4 | F96: 68505.3 | G96: 1582210.7 | H96: =D96+E96 -> 1376281.6 | I96: =D96+E96-F96 -> 1307776.3 | J96: =B96/C96 -> 0.00011271021 | K96: =$J96*C96 -> 4179.83 | L96: =$J96*D96 -> 58.225781 | M96: =$J96*E96 -> 96.895213 | N96: =$J96*F96 -> 7.7212471 | O96: =$J96*G96 -> 178.33131 | P96: =$J96*H96 -> 155.12099 | Q96: =$J96*I96 -> 147.39975 | R96: =L96/O96 -> 0.32650342 | S96: =L96/K96 -> 0.013930179 | T96: =P96/O96 -> 0.86984723 | U96: =Q96/O96 -> 0.82655003
A97: 43646 | B97: 4450.38 | C97: 39604913 | D97: 518719.2 | E97: 854977.2 | F97: 68592.5 | G97: 1576441 | H97: =D97+E97 -> 1373696.4 | I97: =D97+E97-F97 -> 1305103.9 | J97: =B97/C97 -> 0.00011236939 | K97: =$J97*C97 -> 4450.38 | L97: =$J97*D97 -> 58.288161 | M97: =$J97*E97 -> 96.073268 | N97: =$J97*F97 -> 7.7076975 | O97: =$J97*G97 -> 177.14372 | P97: =$J97*H97 -> 154.36143 | Q97: =$J97*I97 -> 146.65373 | R97: =L97/O97 -> 0.32904447 | S97: =L97/K97 -> 0.013097345 | T97: =P97/O97 -> 0.87139094 | U97: =Q97/O97 -> 0.82787995
A98: 43677 | B98: 4588.96 | C98: 44237035 | D98: 443097 | E98: 748336.2 | F98: 63825.1 | G98: 1562786.2 | H98: =D98+E98 -> 1191433.2 | I98: =D98+E98-F98 -> 1127608.1 | J98: =B98/C98 -> 0.00010373571 | K98: =$J98*C98 -> 4588.96 | L98: =$J98*D98 -> 45.96498 | M98: =$J98*E98 -> 77.629184 | N98: =$J98*F98 -> 6.6209418 | O98: =$J98*G98 -> 162.11673 | P98: =$J98*H98 -> 123.59416 | Q98: =$J98*I98 -> 116.97322 | R98: =L98/O98 -> 0.28353015 | S98: =L98/K98 -> 0.010016426 | T98: =P98/O98 -> 0.7623776 | U98: =Q98/O98 -> 0.72153702
A99: 43708 | B99: 4507.66 | C99: 39985185 | D99: =539150.7+7909.6 -> 547060.3 | E99: 809429.5 | F99: 72862.3 | G99: 1646866.1 | H99: =D99+E99 -> 1356489.8 | I99: =D99+E99-F99 -> 1283627.5 | J99: =B99/C99 -> 0.00011273325 | K99: =$J99*C99 -> 4507.66 | L99: =$J99*D99 -> 61.671888 | M99: =$J99*E99 -> 91.249622 | N99: =$J99*F99 -> 8.2140042 | O99: =$J99*G99 -> 185.65658 | P99: =$J99*H99 -> 152.92151 | Q99: =$J99*I99 -> 144.70751 | R99: =L99/O99 -> 0.33218262 | S99: =L99/K99 -> 0.013681575 | T99: =P99/O99 -> 0.82367947 | U99: =Q99/O99 -> 0.77943647
A100: 43738 | B100: 4288.05 | C100: 38208429 | D100: =7909.6+540727.2 -> 548636.8 | E100: 804648.9 | F100: 71175.9 | G100: 1657702.4 | H100: =D100+E100 -> 1353285.7 | I100: =D100+E100-F100 -> 1282109.8 | J100: =B100/C100 -> 0.00011222786 | K100: =$J100*C100 -> 4288.05 | L100: =$J100*D100 -> 61.572331 | M100: =$J100*E100 -> 90.30402 | N100: =$J100*F100 -> 7.9879186 | O100: =$J100*G100 -> 186.04039 | P100: =$J100*H100 -> 151.87635 | Q100: =$J100*I100 -> 143.88843 | R100: =L100/O100 -> 0.33096218 | S100: =L100/K100 -> 0.014359052 | T100: =P100/O100 -> 0.81636227 | U100: =Q100/O100 -> 0.7734258
...

Sheet T.Bond vs Nominal growth
A1: Year end | B1: Ten-year T.Bond rate | C1: Inflation rate | D1: Real GDP growth | E1: Fundamental riskfree rate | F1: T. Bond - Fundamental (current) | G1: Next 5 years
A2: 1954 | B2: 0.0251 | C2: -0.0037216 | D2: 0.0278666 | E2: =C2+D2 -> 0.024145 | F2: =B2-E2 -> 0.000955 | G2: =AVERAGE(E2:E6) -> 0.04322808
A3: =A2+1 -> 1955 | B3: 0.0296 | C3: 0.0037355 | D3: 0.0657391 | E3: =C3+D3 -> 0.0694746 | F3: =B3-E3 -> -0.0398746 | G3: =AVERAGE(E3:E7) -> 0.0511191
A4: =A3+1 -> 1956 | B4: 0.0359 | C4: 0.0282843 | D4: 0.018379 | E4: =C4+D4 -> 0.0466633 | F4: =B4-E4 -> -0.0107633 | G4: =AVERAGE(E4:E8) -> 0.04119488
A5: =A4+1 -> 1957 | B5: 0.0321 | C5: 0.0304017 | D5: 0.002711 | E5: =C5+D5 -> 0.0331127 | F5: =B5-E5 -> -0.0010127 | G5: =AVERAGE(E5:E9) -> 0.0457103
A6: =A5+1 -> 1958 | B6: 0.0386 | C6: 0.0175623 | D6: 0.0251825 | E6: =C6+D6 -> 0.0427448 | F6: =B6-E6 -> -0.0041448 | G6: =AVERAGE(E6:E10) -> 0.04979478
A7: =A6+1 -> 1959 | B7: 0.0469 | C7: 0.0151881 | D7: 0.048412 | E7: =C7+D7 -> 0.0636001 | F7: =B7-E7 -> -0.0167001 | G7: =AVERAGE(E7:E11) -> 0.05514464
A8: =A7+1 -> 1960 | B8: 0.0384 | C8: 0.0136008 | D8: 0.0062527 | E8: =C8+D8 -> 0.0198535 | F8: =B8-E8 -> 0.0185465 | G8: =AVERAGE(E8:E12) -> 0.05504722
A9: =A8+1 -> 1961 | B9: 0.0406 | C9: 0.0067092 | D9: 0.0625312 | E9: =C9+D9 -> 0.0692404 | F9: =B9-E9 -> -0.0286404 | G9: =AVERAGE(E9:E13) -> 0.07193606
A10: =A9+1 -> 1962 | B10: 0.0386 | C10: 0.0123292 | D10: 0.0412059 | E10: =C10+D10 -> 0.0535351 | F10: =B10-E10 -> -0.0149351 | G10: =AVERAGE(E10:E14) -> 0.07342878
A11: =A10+1 -> 1963 | B11: 0.0413 | C11: 0.0164582 | D11: 0.0530359 | E11: =C11+D11 -> 0.0694941 | F11: =B11-E11 -> -0.0281941 | G11: =AVERAGE(E11:E15) -> 0.07425066
A12: =A11+1 -> 1964 | B12: 0.0418 | C12: 0.0119819 | D12: 0.0511311 | E12: =C12+D12 -> 0.063113 | F12: =B12-E12 -> -0.021313 | G12: =AVERAGE(E12:E16) -> 0.0796741
A13: =A12+1 -> 1965 | B13: 0.0462 | C13: 0.0192 | D13: 0.0850977 | E13: =C13+D13 -> 0.1042977 | F13: =B13-E13 -> -0.0580977 | G13: =AVERAGE(E13:E17) -> 0.08291662
A14: =A13+1 -> 1966 | B14: 0.0484 | C14: 0.033595 | D14: 0.043109 | E14: =C14+D14 -> 0.076704 | F14: =B14-E14 -> -0.028304 | G14: =AVERAGE(E14:E18) -> 0.07288778
... A55: =A54+1 -> 2007 | B55: 0.041 | C55: 0.0410881 | D55: 0.0220579 | E55: =C55+D55 -> 0.063146 | F55: =B55-E55 -> -0.022146 | G55: =AVERAGE(E55:E59) -> 0.02906108
A56: =A55+1 -> 2008 | B56: 0.0242 | C56: -0.0002223 | D56: -0.0332058 | E56: =C56+D56 -> -0.0334281 | F56: =B56-E56 -> 0.0576281
A57: =A56+1 -> 2009 | B57: 0.0359 | C57: 0.0282264 | D57: -0.0008072 | E57: =C57+D57 -> 0.0274192 | F57: =B57-E57 -> 0.0084808
A58: =A57+1 -> 2010 | B58: 0.0329 | C58: 0.0142755 | D58: 0.0239336 | E58: =C58+D58 -> 0.0382091 | F58: =B58-E58 -> -0.0053091
A59: =A58+1 -> 2011 | B59: 0.0198 | C59: 0.0302493 | D59: 0.0197099 | E59: =C59+D59 -> 0.0499592 | F59: =B59-E59 -> -0.0301592
A60: =A59+1 -> 2012 | B60: 0.0172 | C60: 0.0176105 | D60: 0.0166952 | E60: =C60+D60 -> 0.0343057 | F60: =B60-E60 -> -0.0171057
A61: 1954-2012 | B61: 0.061108475 | C61: 0.037534259 | D61: 0.030815453 | E61: =AVERAGE(E2:E60) -> 0.068349712 | F61: =AVERAGE(F2:F60) -> -0.0072412373
A62: 1954-1980 | B62: 0.058288889 | C62: 0.044865726 | D62: 0.035424285 | E62: =AVERAGE(E2:E28) -> 0.080290011 | F62: =AVERAGE(F2:F28) -> -0.022001122
A63: 1981-2012 | B63: 0.0634875 | C63: 0.031348334 | D63: 0.02692675 | E63: =AVERAGE(E29:E60) -> 0.058275084 | F63: =AVERAGE(F29:F60) -> 0.0052124156

Sheet Answers
A1: Yes/No | B1: January | C1: 12 | G1: Month | H1: To end of year
A2: Yes | B2: February | C2: 11 | G2: April | H2: 9
A3: No | B3: March | C3: 10 | G3: August | H3: 5
B4: April | C4: 9 | G4: December | H4: 1
B5: May | C5: 8 | G5: February | H5: 11
B6: June | C6: 7 | G6: January | H6: 12
B7: July | C7: 6 | G7: July | H7: 6
B8: August | C8: 5 | G8: June | H8: 7
B9: September | C9: 4 | G9: March | H9: 10
B10: October | C10: 3 | G10: May | H10: 8
B11: November | C11: 2 | G11: November | H11: 2
B12: December | C12: 1 | G12: October | H12: 3
G13: September | H13: 4

Sheet Sheet10

Sheet Sheet11

Sheet Sheet12

Sheet Sheet13

Sheet Sheet14

Sheet Sheet15

Sheet Sheet16
